Workbook
Name _4_months: #REF!
Name _9_months: #REF!
Name _Hlk55201923: 'Title Page'!$A$1
Name a_BA_SA_Compliance_Labour_On_Off: '[1]12_BIA_Costs_Params'!$F$43
Name a_BA_SA_Compliance_Labour_On_Off: '[1]12_BIA_Costs_Params'!$F$43
Name a_BA_SA_Compliance_Labour_On_Off: '[2]12_BIA_Costs_Params'!$F$21
Name a_BA_SA_Compliance_Labour_On_Off: '[3]12_BIA_Costs_Params'!$F$21
Name a_BA_SA_Compliance_Labour_On_Off: '[4]5 BIA Costs Params'!$F$21
Name a_BA_SA_Compliance_Labour_On_Off: 'BIA Params'!$F$20
Name a_BA_SA_Promotion_Materials_On_Off: '[1]12_BIA_Costs_Params'!$F$45
Name a_BA_SA_Promotion_Materials_On_Off: '[1]12_BIA_Costs_Params'!$F$45
Name a_BA_SA_Promotion_Materials_On_Off: '[2]12_BIA_Costs_Params'!$F$23
Name a_BA_SA_Promotion_Materials_On_Off: '[3]12_BIA_Costs_Params'!$F$23
Name a_BA_SA_Promotion_Materials_On_Off: '[4]5 BIA Costs Params'!$F$23
Name a_BA_SA_Promotion_Materials_On_Off: 'BIA Params'!$F$22
Name a_BA_SA_Promotion_Postage_On_Off: '[2]12_BIA_Costs_Params'!$F$24
Name a_BA_SA_Promotion_Postage_On_Off: '[3]12_BIA_Costs_Params'!$F$24
Name a_BA_SA_Promotion_Postage_On_Off: '[4]5 BIA Costs Params'!$F$24
Name a_BA_SA_Promotion_Postage_On_Off: 'BIA Params'!$F$23
Name a_BIA_Anti_Urine_Yr3: 'BIA Params'!$G$29
Name a_BIA_Anti_Urine_Yr4: 'BIA Params'!$H$29
Name a_BIA_Anti_Urine_Yr5: 'BIA Params'!$I$29
Name a_BIA_Bacteriuria_10pc_dec: '[2]12_BIA_Costs_Params'!#REF!
Name a_BIA_Bacteriuria_10pc_dec: '[3]12_BIA_Costs_Params'!#REF!
Name a_BIA_Bacteriuria_10pc_dec: '[4]5 BIA Costs Params'!#REF!
Name a_BIA_Bacteriuria_10pc_dec: 'BIA Params'!#REF!
Name a_BIA_Bacteriuria_10pc_inc: '[2]12_BIA_Costs_Params'!#REF!
Name a_BIA_Bacteriuria_10pc_inc: '[3]12_BIA_Costs_Params'!#REF!
Name a_BIA_Bacteriuria_10pc_inc: '[4]5 BIA Costs Params'!#REF!
Name a_BIA_Bacteriuria_10pc_inc: 'BIA Params'!#REF!
Name a_BIA_Bacteriuria_BC: [5]BIA_Costs_Params!$B$12
Name a_BIA_Bacteriuria_BC: [6]BIA_Costs_Params!$B$12
Name a_BIA_Bacteriuria_BC: '[2]12_BIA_Costs_Params'!#REF!
Name a_BIA_Bacteriuria_BC: '[3]12_BIA_Costs_Params'!#REF!
Name a_BIA_Bacteriuria_BC: '[4]5 BIA Costs Params'!#REF!
Name a_BIA_Bacteriuria_BC: 'BIA Params'!#REF!
Name a_BIA_Cath_Pack_BC: '[1]12_BIA_Costs_Params'!$N$18
Name a_BIA_Cath_Pack_BC: '[1]12_BIA_Costs_Params'!$N$18
Name a_BIA_CAUTI_BC: [5]BIA_Costs_Params!$F$12
Name a_BIA_CAUTI_BC: [6]BIA_Costs_Params!$F$12
Name a_BIA_CAUTI_BC: '[7]11_BIA_Costs_Params'!$F$12
Name a_BIA_Cost_Annual_Compliance_Audit: '[5]Audits-Point-Prev'!$D$31
Name a_BIA_Cost_Antibiotics_Average_Pre: 'Trial Antibiotics'!$F$15
Name a_BIA_Cost_Lab__pDay_RN8: 'Audits Point-Prev'!$C$31
Name a_BIA_Cost_Lab__pHr_Cler_Off_6: Labour_Costs!$E$4
Name a_BIA_Cost_Lab__pHr_Cler_Off_6: #REF!
Name a_BIA_Cost_Lab__pHr_CNC3: [5]Labour_Costs!$E$3
Name a_BIA_Cost_Lab__pHr_CNC3: [6]Labour_Costs!$E$3
Name a_BIA_Cost_Lab__pHr_CNC3: '[3]14_Labour_Costs'!$E$3
Name a_BIA_Cost_Lab__pHr_CNC3: '[8]14_Labour_Costs'!$E$3
Name a_BIA_Cost_Lab__pHr_CNC3: Labour_Costs!$E$3
Name a_BIA_Cost_Lab__pHr_RN4: Labour_Costs!$E$25
Name a_BIA_Cost_Lab__pHr_RN4: #REF!
Name a_BIA_Cost_Lab__pHr_RN8: [5]Labour_Costs!$E$5
Name a_BIA_Cost_Lab__pHr_RN8: [6]Labour_Costs!$E$5
Name a_BIA_Cost_Lab__pHr_RN8: '[3]14_Labour_Costs'!$E$5
Name a_BIA_Cost_Lab__pHr_RN8: '[8]14_Labour_Costs'!$E$5
Name a_BIA_Cost_Lab__pHr_RN8: Labour_Costs!$E$5
Name a_BIA_Cost_Lab__pYr_Cler_Off_6: [5]Labour_Costs!$C$6
Name a_BIA_Cost_Lab__pYr_Cler_Off_6: [6]Labour_Costs!$C$6

Sheet Title Page
A1: Budget Impact Analysis of a Multifaceted Nurse-Led Intervention
A3: to Reduce Indwelling Urinary Catheter Use in New South Wales Hospitals
I4: Additional File 1
A7: Rod Ling1*, Michelle Giles2, Andrew Searles1
A9: *Correspondence: rod.ling@hmri.org.au
A10: 1Hunter Medical Research Institute, New Lambton Heights, NSW, Australia
A11: 2 Hunter New England Local Health District, Nursing and Midwifery Centre, Newcastle, NSW, Australia

Sheet Hospital Summary
O1: Table AS.1: Public hospitals included in AIHW hospitals databases, 2018–19
A2: Included in Study | O2: https://www.aihw.gov.au/getmedia/0f041ca3-081d-4f90-913b-4ddde10a5eec/Hospital-resources-2018-19-Tables.xlsx.aspx
B4: Peer Group | C4: Hospitals | D4: (%) | E4: Total Beds | F4: (%) | G4: Hosps>99 beds | H4: % of Peer Group | I4: Hosps<100 beds | J4: % of Peer Group
B5: Childrens
B6: Drug and alcohol hospital
B7: Early parenting centres
B8: Mixed subacute and non-acute
B9: Other public acute specialised
B10: Outpatient hospital
B11: Principal referral | C11: 11 | D11: 0.061111111 | E11: 7310.5 | F11: 0.38950694 | G11: 11 | H11: 1 | I11: 0 | J11: 0
B12: Psychiatric
B13: Public acute group A | C13: 23 | D13: 0.12777778 | E13: 5733.4 | F13: 0.3054783 | G13: 19 | H13: 0.82608696 | I13: 4 | J13: 0.17391304
B14: Public acute group B | C14: 17 | D14: 0.094444444 | E14: 2042.8 | F14: 0.10884136 | G14: 10 | H14: 0.58823529 | I14: 7 | J14: 0.41176471
B15: Public acute group C | C15: 40 | D15: 0.22222222 | E15: 1735.6 | F15: 0.0924736 | G15: 0 | H15: 0 | I15: 40 | J15: 1
B16: Public acute group D | C16: 60 | D16: 0.33333333 | E16: 1376.5 | F16: 0.073340579 | G16: 0 | H16: 0 | I16: 60 | J16: 1
B20: Very small | C20: 28 | D20: 0.15555556 | E20: 446 | F20: 0.023763094 | G20: 0 | H20: 0 | I20: 28 | J20: 1
B21: Womens | C21: 1 | D21: 0.0055555556 | E21: 123.8 | F21: 0.0065961233 | G21: 1 | H21: 1 | I21: 0 | J21: 0
B23: Totals | C23: 180 | D23: 1 | E23: 18768.6 | F23: 1 | G23: 41 | H23: 0.22777778 | I23: 139 | J23: 0.77222222
B25: % Total Hospitals | C25: 0.80717489 | E25: 0.88429772 | G25: 0.83673469 | I25: 0.79885057
A29: All Hospitals
B31: Peer Group | C31: Hospitals | D31: (%) | E31: Total Beds | F31: (%) | G31: Hosps>99 beds | H31: % of Peer Group | I31: Hosps<100 beds | J31: % of Peer Group
B32: Childrens | C32: 2 | D32: 0.0089686099 | E32: 441.2 | F32: 0.020787494 | G32: 2 | H32: 1 | I32: 0 | J32: 0
B33: Drug and alcohol hospital | C33: 1 | D33: 0.0044843049 | E33: 13.5 | F33: 0.00063606338 | G33: 0 | H33: 0 | I33: 1 | J33: 1
B34: Early parenting centres | C34: 2 | D34: 0.0089686099 | E34: 87 | F34: 0.0040990751 | G34: 0 | H34: 0 | I34: 2 | J34: 1
B35: Mixed subacute and non-acute | C35: 13 | D35: 0.058295964 | E35: 491.7 | F35: 0.023166842 | G35: 0 | H35: 0 | I35: 13 | J35: 1
B36: Other public acute specialised | C36: 1 | D36: 0.0044843049 | E36: 26 | F36: 0.001225011 | G36: 0 | H36: 0 | I36: 1 | J36: 1
B37: Outpatient hospital | C37: 6 | D37: 0.02690583 | E37: 13 | F37: 0.00061250548 | G37: 0 | H37: 0 | I37: 6 | J37: 1
B38: Principal referral | C38: 11 | D38: 0.049327354 | E38: 7310.5 | F38: 0.3444401 | G38: 11 | H38: 1 | I38: 0 | J38: 0
B39: Psychiatric | C39: 8 | D39: 0.035874439 | E39: 1118.1 | F39: 0.052680183 | G39: 5 | H39: 0.625 | I39: 3 | J39: 0.375
B40: Public acute group A | C40: 23 | D40: 0.10313901 | E40: 5733.4 | F40: 0.27013376 | G40: 19 | H40: 0.82608696 | I40: 4 | J40: 0.17391304
B41: Public acute group B | C41: 17 | D41: 0.076233184 | E41: 2042.8 | F41: 0.096248168 | G41: 10 | H41: 0.58823529 | I41: 7 | J41: 0.41176471
B42: Public acute group C | C42: 40 | D42: 0.1793722 | E42: 1735.6 | F42: 0.081774193 | G42: 0 | H42: 0 | I42: 40 | J42: 1
B43: Public acute group D | C43: 60 | D43: 0.2690583 | E43: 1376.5 | F43: 0.064854907 | G43: 0 | H43: 0 | I43: 60 | J43: 1
... B50: Totals | C50: 223 | D50: 1 | E50: 21224.3 | F50: 1 | G50: 49 | H50: 0.21973094 | I50: 174 | J50: 0.78026906

Sheet Intervention Rollout_NSW
A1: LHD Hospitals | B1: 1. Type of Hospital | C1: 1a. Metro/Other | D1: 2. Beds (n) (Reported) | E1: 3. Beds (n) Rounded to Nearest 100 (0=less than 100) (For Lookups) | F1: 4. Yr 1 No. of Workshops (Multiple Hospitals participating in individual Workshops) | G1: Hidden & Redundant: Cost Yr 1 Workshops ($) | H1: Hidden and Redundant: Cost Yr 1 Promotion ($) | I1: 5. Total Time (Hrs) One Compliance Audit (hrs) (2 Minute per Catheterisation - Assumes all beds are occupied all the time) | J1: 6. Cost Initiation Audits Year 1 ($) (n=5) | K1: 7. Total Time (Hrs) One Point Prevalence Survey Time (hrs) | L1: 8. Cost Point Prevalence Surveys Year 1 (2 Surveys - Pre and Post) ($) | M1: 9. Cost Yr 1 Total (Audits, PPs)($) | N1: 10. Yr2 & After: Cost Annual Compliance Audit (n=1 per year) | O1: 11. Yr2 & After Cost: Annual Point Prevalence Survey (n=1 per year) | P1: 12*. Yr 2 and After: No. of Workshops for new staff | Q1: Redundant and Hidden Yr 2 & After: Cost Workshops ($)
A3: Central Coast | B3: Relevant Hospitals (n)= | D3: 2
A4: Gosford | B4: Public acute group A | C4: Metro | D4: 525.9 | E4: 500 | F4: 4 | G4: 1113.4341 | H4: 2500 | I4: 2 | J4: 443.44737 | K4: 8 | L4: 1419.0316 | M4: 1862.4789 | N4: 88.689474 | O4: 709.51579 | P4: 0.5 | Q4: 139.17926
A5: Wyong | B5: Public acute group A | C5: Metro | D5: 324.5 | E5: 300 | F5: 2 | G5: 556.71705 | H5: 1500 | I5: 2 | J5: 443.44737 | K5: 5 | L5: 886.89474 | M5: 1330.3421 | N5: 88.689474 | O5: 443.44737 | P5: 0.5 | Q5: 139.17926
A6: Long Jetty | B6: Mixed subacute and non-acute | D6: 22
A7: Woy Woy | B7: Mixed subacute and non-acute | D7: 50.4
A8: Total | B8: LHD Hospitals with <100 beds= | D8: 0 | F8: 6 | G8: 1670.1511 | H8: 4000 | I8: 4 | J8: 886.89474 | K8: 13 | L8: 2305.9263 | M8: 3192.8211 | N8: 177.37895 | O8: 1152.9632 | P8: 1 | Q8: 278.35852
A11: Far West | B11: Relevant Hospitals (n)= | D11: 4
A12: Balranald (MPS) | B12: Public acute group D | C12: Other | D12: 24 | E12: 0 | F12: 0.33333333 | G12: 92.786174 | H12: 275 | I12: 1 | J12: 221.72368 | K12: 2 | L12: 354.75789 | M12: 576.48158 | N12: 44.344737 | O12: 177.37895 | P12: 0.25 | Q12: 69.589631
A13: Broken Hill | B13: Public acute group B | C13: Other | D13: 123.9 | E13: 100 | F13: 1 | G13: 278.35852 | H13: 450 | I13: 1 | J13: 221.72368 | K13: 2 | L13: 354.75789 | M13: 576.48158 | N13: 44.344737 | O13: 177.37895 | P13: 0.25 | Q13: 69.589631
A14: Ivanhoe | B14: Outpatient hospital
A15: Menindee Health Service | B15: Outpatient hospital
A16: Tibooburra | B16: Outpatient hospital
A17: Wentworth | B17: Very small | C17: Other | D17: 13 | E17: 0 | F17: 0.33333333 | G17: 92.786174 | H17: 275 | I17: 1 | J17: 221.72368 | K17: 2 | L17: 354.75789 | M17: 576.48158 | N17: 44.344737 | O17: 177.37895 | P17: 0.25 | Q17: 69.589631
A18: Wilcannia (MPS) | B18: Very small | C18: Other | D18: 8 | E18: 0 | F18: 0.33333333 | G18: 92.786174 | H18: 275 | I18: 1 | J18: 221.72368 | K18: 2 | L18: 354.75789 | M18: 576.48158 | N18: 44.344737 | O18: 177.37895 | P18: 0.25 | Q18: 69.589631
A19: Total | B19: LHD Hospitals with <100 beds= | D19: 3 | F19: 2 | G19: 556.71705 | H19: 1275 | I19: 4 | J19: 886.89474 | K19: 8 | L19: 1419.0316 | M19: 2305.9263 | N19: 177.37895 | O19: 709.51579 | P19: 1 | Q19: 278.35852
A21: Hunter New England | B21: Relevant Hospitals (n)= | D21: 36
A22: Tingha (MPS) | B22: Outpatient hospital
A23: John Hunter | B23: Principal referral | C23: Metro | D23: 860.5 | E23: 900 | F23: 8 | G23: 2226.8682 | H23: 4700 | I23: 3 | J23: 665.17105 | K23: 15 | L23: 2660.6842 | M23: 3325.8553 | N23: 133.03421 | O23: 1330.3421 | P23: 0.027777778 | Q23: 7.7321812
A24: Hunter New England Mater Mental Health S | B24: Psychiatric
A25: Morisset | B25: Psychiatric
A26: Calvary Mater Newcastle | B26: Public acute group A | C26: Metro | D26: 181.4 | E26: 200 | F26: 1 | G26: 278.35852 | H26: 1000 | I26: 1 | J26: 221.72368 | K26: 4 | L26: 709.51579 | M26: 931.23947 | N26: 44.344737 | O26: 354.75789 | P26: 0.027777778 | Q26: 7.7321812
A27: Manning | B27: Public acute group A | C27: Other | D27: 193.5 | E27: 200 | F27: 1 | G27: 278.35852 | H27: 1000 | I27: 1 | J27: 221.72368 | K27: 4 | L27: 709.51579 | M27: 931.23947 | N27: 44.344737 | O27: 354.75789 | P27: 0.027777778 | Q27: 7.7321812
A28: Tamworth | B28: Public acute group A | C28: Other | D28: 298.6 | E28: 300 | F28: 2 | G28: 556.71705 | H28: 1500 | I28: 2 | J28: 443.44737 | K28: 5 | L28: 886.89474 | M28: 1330.3421 | N28: 88.689474 | O28: 443.44737 | P28: 0.027777778 | Q28: 7.7321812
A29: Armidale | B29: Public acute group B | C29: Other | D29: 96.7 | E29: 100 | F29: 1 | G29: 278.35852 | H29: 450 | I29: 1 | J29: 221.72368 | K29: 2 | L29: 354.75789 | M29: 576.48158 | N29: 44.344737 | O29: 177.37895 | P29: 0.027777778 | Q29: 7.7321812
A30: Belmont | B30: Public acute group B | C30: Metro | D30: 118.9 | E30: 100 | F30: 1 | G30: 278.35852 | H30: 450 | I30: 1 | J30: 221.72368 | K30: 2 | L30: 354.75789 | M30: 576.48158 | N30: 44.344737 | O30: 177.37895 | P30: 0.027777778 | Q30: 7.7321812
A31: Maitland | B31: Public acute group B | C31: Other | D31: 176.5 | E31: 200 | F31: 1 | G31: 278.35852 | H31: 1000 | I31: 1 | J31: 221.72368 | K31: 4 | L31: 709.51579 | M31: 931.23947 | N31: 44.344737 | O31: 354.75789 | P31: 0.027777778 | Q31: 7.7321812
A32: Cessnock | B32: Public acute group C | C32: Other | D32: 48.3 | E32: 0 | F32: 0.04 | G32: 11.134341 | H32: 275 | I32: 1 | J32: 221.72368 | K32: 2 | L32: 354.75789 | M32: 576.48158 | N32: 44.344737 | O32: 177.37895 | P32: 0.027777778 | Q32: 7.7321812
A33: Glen Innes | B33: Public acute group C | C33: Other | D33: 38.9 | E33: 0 | F33: 0.04 | G33: 11.134341 | H33: 275 | I33: 1 | J33: 221.72368 | K33: 2 | L33: 354.75789 | M33: 576.48158 | N33: 44.344737 | O33: 177.37895 | P33: 0.027777778 | Q33: 7.7321812
A34: Gloucester | B34: Public acute group C | C34: Other | D34: 79 | E34: 100 | F34: 1 | G34: 278.35852 | H34: 450 | I34: 1 | J34: 221.72368 | K34: 2 | L34: 354.75789 | M34: 576.48158 | N34: 44.344737 | O34: 177.37895 | P34: 0.027777778 | Q34: 7.7321812
A35: Gunnedah | B35: Public acute group C | C35: Other | D35: 40.1 | E35: 0 | F35: 0.04 | G35: 11.134341 | H35: 275 | I35: 1 | J35: 221.72368 | K35: 2 | L35: 354.75789 | M35: 576.48158 | N35: 44.344737 | O35: 177.37895 | P35: 0.027777778 | Q35: 7.7321812
A36: Inverell | B36: Public acute group C | C36: Other | D36: 46.6 | E36: 0 | F36: 0.04 | G36: 11.134341 | H36: 275 | I36: 1 | J36: 221.72368 | K36: 2 | L36: 354.75789 | M36: 576.48158 | N36: 44.344737 | O36: 177.37895 | P36: 0.027777778 | Q36: 7.7321812
A37: Kurri Kurri | B37: Public acute group C | C37: Other | D37: 64.1 | E37: 100 | F37: 1 | G37: 278.35852 | H37: 450 | I37: 1 | J37: 221.72368 | K37: 2 | L37: 354.75789 | M37: 576.48158 | N37: 44.344737 | O37: 177.37895 | P37: 0.027777778 | Q37: 7.7321812
... A54: Wee Waa | B54: Public acute group D | C54: Other | D54: 15.4 | E54: 0 | F54: 0.04 | G54: 11.134341 | H54: 275 | I54: 1 | J54: 221.72368 | K54: 2 | L54: 354.75789 | M54: 576.48158 | N54: 44.344737 | O54: 177.37895 | P54: 0.027777778 | Q54: 7.7321812
A55: Wingham | B55: Rehabilitation and GEM | D55: 32
A56: Boggabri (MPS) | B56: Very small | C56: Other | D56: 19.6 | E56: 0 | F56: 0.04 | G56: 11.134341 | H56: 275 | I56: 1 | J56: 221.72368 | K56: 2 | L56: 354.75789 | M56: 576.48158 | N56: 44.344737 | O56: 177.37895 | P56: 0.027777778 | Q56: 7.7321812
A57: Bulahdelah - Myall Lakes | B57: Very small | C57: Other | E57: 0 | F57: 0.04 | G57: 11.134341 | H57: 275 | I57: 0 | J57: 0 | K57: 2 | L57: 354.75789 | M57: 354.75789 | N57: 0 | O57: 177.37895 | P57: 0.027777778 | Q57: 7.7321812
A58: Denman (MPS) | B58: Very small | C58: Other | D58: 17 | E58: 0 | F58: 0.04 | G58: 11.134341 | H58: 275 | I58: 1 | J58: 221.72368 | K58: 2 | L58: 354.75789 | M58: 576.48158 | N58: 44.344737 | O58: 177.37895 | P58: 0.027777778 | Q58: 7.7321812
A59: Merriwa (MPS) | B59: Very small | C59: Other | D59: 23 | E59: 0 | F59: 0.04 | G59: 11.134341 | H59: 275 | I59: 1 | J59: 221.72368 | K59: 2 | L59: 354.75789 | M59: 576.48158 | N59: 44.344737 | O59: 177.37895 | P59: 0.027777778 | Q59: 7.7321812
A60: Vegetable Creek (MPS) | B60: Very small | C60: Other | D60: 17 | E60: 0 | F60: 0.04 | G60: 11.134341 | H60: 275 | I60: 1 | J60: 221.72368 | K60: 2 | L60: 354.75789 | M60: 576.48158 | N60: 44.344737 | O60: 177.37895 | P60: 0.027777778 | Q60: 7.7321812
A61: Werris Creek (MPS) | B61: Very small | C61: Other | D61: 16 | E61: 0 | F61: 0.04 | G61: 11.134341 | H61: 275 | I61: 1 | J61: 221.72368 | K61: 2 | L61: 354.75789 | M61: 576.48158 | N61: 44.344737 | O61: 177.37895 | P61: 0.027777778 | Q61: 7.7321812
A62: Total | B62: LHD Hospitals with <100 beds= | D62: 25 | F62: 20 | G62: 5567.1705 | H62: 18775 | I62: 38 | J62: 8425.5 | K62: 94 | L62: 16673.621 | M62: 25099.121 | N62: 1685.1 | O62: 8336.8105 | P62: 1 | Q62: 278.35852
A64: Illawarra Shoalhaven | B64: Relevant Hospitals (n)= | D64: 5
A65: Coledale | B65: Mixed subacute and non-acute | D65: 38
A66: David Berry | B66: Mixed subacute and non-acute | D66: 26
A67: Kiama | B67: Mixed subacute and non-acute | D67: 15
A68: Port Kembla | B68: Mixed subacute and non-acute | D68: 57.3
A69: Wollongong | B69: Principal referral | C69: Metro | D69: 490.5 | E69: 500 | F69: 4 | G69: 1113.4341 | H69: 2500 | I69: 2 | J69: 443.44737 | K69: 8 | L69: 1419.0316 | M69: 1862.4789 | N69: 88.689474 | O69: 709.51579 | P69: 0.2 | Q69: 55.671705
A70: Shoalhaven Memorial | B70: Public acute group A | C70: Metro | D70: 188.4 | E70: 200 | F70: 1 | G70: 278.35852 | H70: 1000 | I70: 1 | J70: 221.72368 | K70: 4 | L70: 709.51579 | M70: 931.23947 | N70: 44.344737 | O70: 354.75789 | P70: 0.2 | Q70: 55.671705
A71: Shellharbour | B71: Public acute group B | C71: Metro | D71: 176.4 | E71: 200 | F71: 1 | G71: 278.35852 | H71: 1000 | I71: 1 | J71: 221.72368 | K71: 4 | L71: 709.51579 | M71: 931.23947 | N71: 44.344737 | O71: 354.75789 | P71: 0.2 | Q71: 55.671705
A72: Bulli | B72: Public acute group C | C72: Metro | D72: 53.2 | E72: 100 | F72: 1 | G72: 278.35852 | H72: 450 | I72: 1 | J72: 221.72368 | K72: 2 | L72: 354.75789 | M72: 576.48158 | N72: 44.344737 | O72: 177.37895 | P72: 0.2 | Q72: 55.671705
A73: Milton and Ulladulla | B73: Public acute group C | C73: Metro | D73: 27.9 | E73: 0 | F73: 1 | G73: 278.35852 | H73: 275 | I73: 1 | J73: 221.72368 | K73: 2 | L73: 354.75789 | M73: 576.48158 | N73: 44.344737 | O73: 177.37895 | P73: 0.2 | Q73: 55.671705
A74: Illawarra Mental Health Services | B74: Unpeered
A75: Total | B75: LHD Hospitals with <100 beds= | D75: 1 | F75: 8 | G75: 2226.8682 | H75: 5225 | I75: 6 | J75: 1330.3421 | K75: 20 | L75: 3547.5789 | M75: 4877.9211 | N75: 266.06842 | O75: 1773.7895 | P75: 1 | Q75: 278.35852
A77: Justice Health & Forensic Mental Health | B77: Relevant Hospitals (n)= | D77: 0
A78: Justice Health | B78: Psychiatric | D78: 345.9
A79: Total | B79: LHD Hospitals with <100 beds= | D79: 0 | F79: 0 | G79: 0 | H79: 0 | I79: 0 | J79: 0 | K79: 0 | L79: 0 | M79: 0 | N79: 0 | O79: 0 | P79: 0 | Q79: 0
A81: Mid North Coast | B81: Relevant Hospitals (n)= | D81: 7
A82: Coffs Harbour | B82: Public acute group A | C82: Other | D82: 271.6 | E82: 300 | F82: 2 | G82: 556.71705 | H82: 1500 | I82: 1 | J82: 221.72368 | K82: 5 | L82: 886.89474 | M82: 1108.6184 | N82: 44.344737 | O82: 443.44737 | P82: 0.14285714 | Q82: 39.765503
A83: Port Macquarie | B83: Public acute group A | C83: Other | D83: 204.3 | E83: 200 | F83: 1 | G83: 278.35852 | H83: 1000 | I83: 1 | J83: 221.72368 | K83: 4 | L83: 709.51579 | M83: 931.23947 | N83: 44.344737 | O83: 354.75789 | P83: 0.14285714 | Q83: 39.765503
A84: Macleay Valley - Kempsey | B84: Public acute group B | C84: Other | D84: 74 | E84: 100 | F84: 1 | G84: 278.35852 | H84: 450 | I84: 1 | J84: 221.72368 | K84: 2 | L84: 354.75789 | M84: 576.48158 | N84: 44.344737 | O84: 177.37895 | P84: 0.14285714 | Q84: 39.765503
A85: Bellinger River | B85: Public acute group C | C85: Other | D85: 41.8 | E85: 0 | F85: 0.25 | G85: 69.589631 | H85: 275 | I85: 1 | J85: 221.72368 | K85: 2 | L85: 354.75789 | M85: 576.48158 | N85: 44.344737 | O85: 177.37895 | P85: 0.14285714 | Q85: 39.765503
A86: Macksville | B86: Public acute group C | C86: Other | D86: 40.6 | E86: 0 | F86: 0.25 | G86: 69.589631 | H86: 275 | I86: 1 | J86: 221.72368 | K86: 2 | L86: 354.75789 | M86: 576.48158 | N86: 44.344737 | O86: 177.37895 | P86: 0.14285714 | Q86: 39.765503
A87: Wauchope | B87: Public acute group C | C87: Other | D87: 25 | E87: 0 | F87: 0.25 | G87: 69.589631 | H87: 275 | I87: 1 | J87: 221.72368 | K87: 2 | L87: 354.75789 | M87: 576.48158 | N87: 44.344737 | O87: 177.37895 | P87: 0.14285714 | Q87: 39.765503
A88: Dorrigo (MPS) | B88: Public acute group D | C88: Other | D88: 27 | E88: 0 | F88: 0.25 | G88: 69.589631 | H88: 275 | I88: 1 | J88: 221.72368 | K88: 2 | L88: 354.75789 | M88: 576.48158 | N88: 44.344737 | O88: 177.37895 | P88: 0.14285714 | Q88: 39.765503
A89: Total | B89: LHD Hospitals with <100 beds= | D89: 4 | F89: 5 | G89: 1391.7926 | H89: 4050 | I89: 7 | J89: 1552.0658 | K89: 19 | L89: 3370.2 | M89: 4922.2658 | N89: 310.41316 | O89: 1685.1 | P89: 1 | Q89: 278.35852
A91: Murrumbidgee | B91: Relevant Hospitals (n)= | D91: 31
A92: Mercy Care Centre Albury | B92: Mixed subacute and non-acute | D92: 29.9
A93: Mercy Care Centre Young | B93: Mixed subacute and non-acute | D93: 26
A94: Griffith | B94: Public acute group A | C94: Other | D94: 91.7 | E94: 100 | F94: 1 | G94: 278.35852 | H94: 450 | I94: 1 | J94: 221.72368 | K94: 2 | L94: 354.75789 | M94: 576.48158 | N94: 44.344737 | O94: 177.37895 | P94: 0.032258065 | Q94: 8.9793072
A95: Wagga Wagga | B95: Public acute group A | C95: Other | D95: 299.5 | E95: 300 | F95: 2 | G95: 556.71705 | H95: 1500 | I95: 2 | J95: 443.44737 | K95: 5 | L95: 886.89474 | M95: 1330.3421 | N95: 88.689474 | O95: 443.44737 | P95: 0.032258065 | Q95: 8.9793072
A96: Cootamundra | B96: Public acute group C | C96: Other | D96: 22 | E96: 0 | F96: 0.035714286 | G96: 9.9413758 | H96: 275 | I96: 1 | J96: 221.72368 | K96: 2 | L96: 354.75789 | M96: 576.48158 | N96: 44.344737 | O96: 177.37895 | P96: 0.032258065 | Q96: 8.9793072
A97: Corowa (MPS) | B97: Public acute group C | C97: Other | D97: 49.5 | E97: 0 | F97: 0.035714286 | G97: 9.9413758 | H97: 275 | I97: 1 | J97: 221.72368 | K97: 2 | L97: 354.75789 | M97: 576.48158 | N97: 44.344737 | O97: 177.37895 | P97: 0.032258065 | Q97: 8.9793072
A98: Deniliquin | B98: Public acute group C | C98: Other | D98: 37.1 | E98: 0 | F98: 0.035714286 | G98: 9.9413758 | H98: 275 | I98: 1 | J98: 221.72368 | K98: 2 | L98: 354.75789 | M98: 576.48158 | N98: 44.344737 | O98: 177.37895 | P98: 0.032258065 | Q98: 8.9793072
A99: Leeton | B99: Public acute group C | C99: Other | D99: 63 | E99: 100 | F99: 1 | G99: 278.35852 | H99: 450 | I99: 1 | J99: 221.72368 | K99: 2 | L99: 354.75789 | M99: 576.48158 | N99: 44.344737 | O99: 177.37895 | P99: 0.032258065 | Q99: 8.9793072
A100: Narrandera | B100: Public acute group C | C100: Other | D100: 20.4 | E100: 0 | F100: 0.035714286 | G100: 9.9413758 | H100: 275 | I100: 1 | J100: 221.72368 | K100: 2 | L100: 354.75789 | M100: 576.48158 | N100: 44.344737 | O100: 177.37895 | P100: 0.032258065 | Q100: 8.9793072
A101: Temora | B101: Public acute group C | C101: Other | D101: 25.7 | E101: 0 | F101: 0.035714286 | G101: 9.9413758 | H101: 275 | I101: 1 | J101: 221.72368 | K101: 2 | L101: 354.75789 | M101: 576.48158 | N101: 44.344737 | O101: 177.37895 | P101: 0.032258065 | Q101: 8.9793072
A102: Tumut | B102: Public acute group C | C102: Other | D102: 26.3 | E102: 0 | F102: 0.035714286 | G102: 9.9413758 | H102: 275 | I102: 1 | J102: 221.72368 | K102: 2 | L102: 354.75789 | M102: 576.48158 | N102: 44.344737 | O102: 177.37895 | P102: 0.032258065 | Q102: 8.9793072
A103: Young | B103: Public acute group C | C103: Other | D103: 27.4 | E103: 0 | F103: 0.035714286 | G103: 9.9413758 | H103: 275 | I103: 1 | J103: 221.72368 | K103: 2 | L103: 354.75789 | M103: 576.48158 | N103: 44.344737 | O103: 177.37895 | P103: 0.032258065 | Q103: 8.9793072
A104: Barham Koondrook | B104: Public acute group D | C104: Other | D104: 6 | E104: 0 | F104: 0.035714286 | G104: 9.9413758 | H104: 275 | I104: 1 | J104: 221.72368 | K104: 2 | L104: 354.75789 | M104: 576.48158 | N104: 44.344737 | O104: 177.37895 | P104: 0.032258065 | Q104: 8.9793072
A105: Berrigan (MPS) | B105: Public acute group D | C105: Other | D105: 14 | E105: 0 | F105: 0.035714286 | G105: 9.9413758 | H105: 275 | I105: 1 | J105: 221.72368 | K105: 2 | L105: 354.75789 | M105: 576.48158 | N105: 44.344737 | O105: 177.37895 | P105: 0.032258065 | Q105: 8.9793072
... A124: Urana (MPS) | B124: Very small | C124: Other | D124: 22 | E124: 0 | F124: 0.035714286 | G124: 9.9413758 | H124: 275 | I124: 1 | J124: 221.72368 | K124: 2 | L124: 354.75789 | M124: 576.48158 | N124: 44.344737 | O124: 177.37895 | P124: 0.032258065 | Q124: 8.9793072
A125: Total | B125: LHD Hospitals with <100 beds= | D125: 28 | F125: 5 | G125: 1391.7926 | H125: 10100 | I125: 32 | J125: 7095.1579 | K125: 65 | L125: 11529.632 | M125: 18624.789 | N125: 1419.0316 | O125: 5764.8158 | P125: 1 | Q125: 278.35852
A127: Nepean Blue Mountains | B127: Relevant Hospitals (n)= | D127: 6
A128: Nepean | B128: Principal referral | C128: Metro | D128: 595.5 | E128: 600 | F128: 5 | G128: 1391.7926 | H128: 3050 | I128: 3 | J128: 665.17105 | K128: 10 | L128: 1773.7895 | M128: 2438.9605 | N128: 133.03421 | O128: 886.89474 | P128: 0.16666667 | Q128: 46.393087
A129: Hawkesbury | B129: Public acute group B | C129: Metro | D129: 96.5 | E129: 100 | F129: 1 | G129: 278.35852 | H129: 450 | I129: 1 | J129: 221.72368 | K129: 2 | L129: 354.75789 | M129: 576.48158 | N129: 44.344737 | O129: 177.37895 | P129: 0.16666667 | Q129: 46.393087
A130: Blue Mountains | B130: Public acute group C | C130: Metro | D130: 92.3 | E130: 100 | F130: 1 | G130: 278.35852 | H130: 450 | I130: 1 | J130: 221.72368 | K130: 2 | L130: 354.75789 | M130: 576.48158 | N130: 44.344737 | O130: 177.37895 | P130: 0.16666667 | Q130: 46.393087
A131: Lithgow | B131: Public acute group C | C131: Metro | D131: 77.7 | E131: 100 | F131: 1 | G131: 278.35852 | H131: 450 | I131: 1 | J131: 221.72368 | K131: 2 | L131: 354.75789 | M131: 576.48158 | N131: 44.344737 | O131: 177.37895 | P131: 0.16666667 | Q131: 46.393087
A132: Springwood | B132: Public acute group C | C132: Metro | D132: 30.6 | E132: 0 | F132: 0.5 | G132: 139.17926 | H132: 275 | I132: 1 | J132: 221.72368 | K132: 2 | L132: 354.75789 | M132: 576.48158 | N132: 44.344737 | O132: 177.37895 | P132: 0.16666667 | Q132: 46.393087
A133: Wentworth Psychiatric Services | B133: Unpeered | D133: 11
A134: Portland | B134: Very small | C134: Other | D134: 26 | E134: 0 | F134: 0.5 | G134: 139.17926 | H134: 275 | I134: 1 | J134: 221.72368 | K134: 2 | L134: 354.75789 | M134: 576.48158 | N134: 44.344737 | O134: 177.37895 | P134: 0.16666667 | Q134: 46.393087
A135: Total | B135: LHD Hospitals with <100 beds= | D135: 2 | F135: 9 | G135: 2505.2267 | H135: 4950 | I135: 8 | J135: 1773.7895 | K135: 20 | L135: 3547.5789 | M135: 5321.3684 | N135: 354.75789 | O135: 1773.7895 | P135: 1 | Q135: 278.35852
A137: Northern NSW | B137: Relevant Hospitals (n)= | D137: 13
A138: Riverlands Drug and Alcohol Centre | B138: Drug and alcohol hospital | D138: 13.5
A139: Lismore | B139: Public acute group A | C139: Other | D139: 269.2 | E139: 300 | F139: 2 | G139: 556.71705 | H139: 1500 | I139: 1 | J139: 221.72368 | K139: 5 | L139: 886.89474 | M139: 1108.6184 | N139: 44.344737 | O139: 443.44737 | P139: 0.076923077 | Q139: 21.412194
A140: The Tweed Hospital | B140: Public acute group A | C140: Other | D140: 256.8 | E140: 300 | F140: 2 | G140: 556.71705 | H140: 1500 | I140: 1 | J140: 221.72368 | K140: 5 | L140: 886.89474 | M140: 1108.6184 | N140: 44.344737 | O140: 443.44737 | P140: 0.076923077 | Q140: 21.412194
A141: Grafton | B141: Public acute group B | C141: Other | D141: 93.8 | E141: 100 | F141: 1 | G141: 278.35852 | H141: 450 | I141: 1 | J141: 221.72368 | K141: 2 | L141: 354.75789 | M141: 576.48158 | N141: 44.344737 | O141: 177.37895 | P141: 0.076923077 | Q141: 21.412194
A142: Ballina | B142: Public acute group C | C142: Other | D142: 69.8 | E142: 100 | F142: 1 | G142: 278.35852 | H142: 450 | I142: 1 | J142: 221.72368 | K142: 2 | L142: 354.75789 | M142: 576.48158 | N142: 44.344737 | O142: 177.37895 | P142: 0.076923077 | Q142: 21.412194
A143: Byron Central Hospital | B143: Public acute group C | C143: Other | D143: 44.8 | E143: 0 | F143: 0.125 | G143: 34.794815 | H143: 275 | I143: 1 | J143: 221.72368 | K143: 2 | L143: 354.75789 | M143: 576.48158 | N143: 44.344737 | O143: 177.37895 | P143: 0.076923077 | Q143: 21.412194
A144: Casino | B144: Public acute group C | C144: Other | D144: 34 | E144: 0 | F144: 0.125 | G144: 34.794815 | H144: 275 | I144: 1 | J144: 221.72368 | K144: 2 | L144: 354.75789 | M144: 576.48158 | N144: 44.344737 | O144: 177.37895 | P144: 0.076923077 | Q144: 21.412194
...

Sheet NSW Overnight_Stays_Forecast
S1: Forecasts - Based on a Linear Regression
B2: 2001-02 | C2: 2002-03 | D2: 2003-04 | E2: 2004-05 | F2: 2005-06 | G2: 2006-07 | H2: 2007-08 | I2: 2008-09 | J2: 2009-10 | K2: 2010-11 | L2: 2011-12 | M2: 2012-13 | N2: 2013-14 | O2: 2014-15 | P2: 2015-16 | Q2: 2016-17 | R2: 2017-18 | S2: 2018–19 | T2: 2019–20 | U2: 2020–21 | V2: 2021–22 | W2: 2022–23 | X2: 2023–24 | Y2: 2024–25 | Z2: 2025–26 | AA2: 2026–27
A3: Point Number | B3: 1 | C3: 2 | D3: 3 | E3: 4 | F3: 5 | G3: 6 | H3: 7 | I3: 8 | J3: 9 | K3: 10 | L3: 11 | M3: 12 | N3: 13 | O3: 14 | P3: 15 | Q3: 16 | R3: 17 | S3: 18 | T3: 19 | U3: 20 | V3: 21 | W3: 22 | X3: 23 | Y3: 24 | Z3: 25 | AA3: 26
A4: NSW Separations (n) (Same Day and Overnight) | B4: 1323403 | C4: 1347625 | D4: 1364453 | E4: 1415422 | F4: 1481632 | G4: 1523369 | H4: 1527382 | I4: 1555480 | J4: 1598991 | K4: 1629572 | L4: 1682685 | M4: 1737103 | N4: 1803458 | O4: 1840632 | P4: 1886668 | Q4: 1961400 | R4: 1918319 | S4: =($AE$19+$AE$20*AA3) -> 0 | T4: =($AE$19+$AE$20*AB3) -> 0 | U4: =($AE$19+$AE$20*AC3) -> 0 | V4: =($AE$19+$AE$20*AD3) -> 0 | W4: =($AE$19+$AE$20*AE3) -> 0 | X4: =($AE$19+$AE$20*AF3) -> 0 | Y4: =($AE$19+$AE$20*AG3) -> 0 | Z4: =($AE$19+$AE$20*AH3) -> 0 | AA4: =($AE$19+$AE$20*AI3) -> 0
A5: Adjust for
A6: NSW Justice Health + Childrens | B6: 27709 | C6: =1202+25791 -> 26993 | D6: =1652+25750 -> 27402 | E6: =1753 +26702 -> 28455 | F6: =26775+2246 -> 29021 | G6: =27625+1802 -> 29427 | H6: =25731+ 3085 -> 28816 | I6: =27347+ 2763 -> 30110 | J6: =28880+ 2336 -> 31216 | K6: =308+46989 -> 47297 | L6: =595+47709 -> 48304 | M6: =48858+ 612 -> 49470 | N6: =50704+437 -> 51141 | O6: =653+50383 -> 51036 | P6: =755+ 50544 -> 51299 | Q6: =1022+52527 -> 53549 | R6: =1047+49831 -> 50878
A7: Adjusted Total Separations | B7: =B4-B6 -> 1295694 | C7: =C4-C6 -> 1320632 | D7: =D4-D6 -> 1337051 | E7: =E4-E6 -> 1386967 | F7: =F4-F6 -> 1452611 | G7: =G4-G6 -> 1493942 | H7: =H4-H6 -> 1498566 | I7: =I4-I6 -> 1525370 | ... R7: =R4-R6 -> 1867441
A8: NSW Same Day Separations (%) | B8: 0.439 | C8: 0.418 | D8: 0.461 | E8: 0.42 | F8: 0.426 | G8: 0.424 | H8: 0.42 | I8: 0.426 | J8: 0.432 | K8: 0.431 | L8: 0.433 | M8: 0.437 | N8: 0.444 | O8: 0.448 | P8: 0.449 | Q8: 0.452 | R8: 0.443 | V8: Study Time Horizon
A9: NSW Overnight (n) | B9: =(1-B8)*B7 -> 726884.33 | C9: =(1-C8)*C7 -> 768607.82 | D9: =(1-D8)*D7 -> 720670.49 | E9: =(1-E8)*E7 -> 804440.86 | F9: =(1-F8)*F7 -> 833798.71 | G9: =(1-G8)*G7 -> 860510.59 | H9: =(1-H8)*H7 -> 869168.28 | I9: =(1-I8)*I7 -> 875562.38 | ... R9: =(1-R8)*R7 -> 1040164.6 | S9: =19794*S3 + 715171 -> 1071463 | T9: =19794*T3 + 715171 -> 1091257 | U9: =19794*U3 + 715171 -> 1111051 | V9: =19794*V3 + 715171 -> 1130845 | W9: =19794*W3 + 715171 -> 1150639 | X9: =19794*X3 + 715171 -> 1170433 | Y9: =19794*Y3 + 715171 -> 1190227 | Z9: =19794*Z3 + 715171 -> 1210021 | AA9: =19794*AA3 + 715171 -> 1229815
A12: HNE Full Patient Pop (n) (Same Day and Overnight) | E12: 175858 | F12: 182593 | G12: 185786 | H12: 186611 | I12: 187276 | J12: 193936 | K12: 201403 | L12: 208327 | M12: 211998 | N12: 217890 | O12: 218431 | P12: 220496 | Q12: 226086 | R12: 225864
A13: HNE Same Day (%) | B13: H and NE separate | C13: H and NE separate | D13: H and NE separate | E13: 0.389 | F13: 0.396 | G13: 0.391 | H13: 0.394 | I13: 0.397 | J13: 0.409 | K13: 0.414 | L13: 0.416 | M13: 0.419 | N13: 0.42 | O13: 0.42 | P13: 0.424 | Q13: 0.417 | R13: 0.416
A14: HNE Overnight (n) | E14: =(1-E13)*E12 -> 107449.24 | F14: =(1-F13)*F12 -> 110286.17 | G14: =(1-G13)*G12 -> 113143.67 | H14: =(1-H13)*H12 -> 113086.27 | I14: =(1-I13)*I12 -> 112927.43 | J14: =(1-J13)*J12 -> 114616.18 | K14: =(1-K13)*K12 -> 118022.16 | L14: =(1-L13)*L12 -> 121662.97 | ... R14: =(1-R13)*R12 -> 131904.58 | S14: =1914.7*(S3) + 99763 -> 134227.6 | T14: =1914.7*(T3) + 99763 -> 136142.3 | U14: =1914.7*(U3) + 99763 -> 138057 | V14: =1914.7*(V3) + 99763 -> 139971.7 | W14: =1914.7*(W3) + 99763 -> 141886.4 | X14: =1914.7*(X3) + 99763 -> 143801.1 | Y14: =1914.7*(Y3) + 99763 -> 145715.8 | Z14: =1914.7*(Z3) + 99763 -> 147630.5 | AA14: =1914.7*(AA3) + 99763 -> 149545.2
A17: Source:
A18: NSW Ministry of Health, Annual Reports, 2001-02 to 2017-18
A19: * Data given as 'admissions'
A21: 2006-07 report contains figures for previous years.
A22: Page 241
A23: See below
A37: References
A38: 2017-18 | B38: https://www.health.nsw.gov.au/annualreport/Publications/annual-report-2018.pdf | F38: Appendix pag 240 | G38: https://www.health.nsw.gov.au/annualreport/Publications/2018/appendix.pdf
A39: 2016-17 | B39: https://www.health.nsw.gov.au/annualreport/Publications/annual-report-2017.pdf
A40: 2015-16 | B40: https://www.health.nsw.gov.au/annualreport/Publications/annual-report-2016.pdf
A41: 2014-15 | B41: https://www.health.nsw.gov.au/annualreport/Publications/annual-report-2015.pdf
A42: 2013-14 | B42: https://www.health.nsw.gov.au/publications/Publications/annualreport14/annualreport14.pdf
A43: 2012-13 | B43: https://www.health.nsw.gov.au/publications/Publications/annualreport13/annualreport13.pdf
A44: 2011-12 | B44: https://www.health.nsw.gov.au/publications/Publications/annual_report12/HealthAR_2012.pdf
A45: 2010-11 | B45: https://www.health.nsw.gov.au/publications/Publications/Annual-Report-2010-11/annualreport11.pdf
A46: 2009-10 | B46: https://www.health.nsw.gov.au/publications/Publications/Annual-Report-2009-10/annualreport10.pdf
A47: 2008-09 | B47: https://www.health.nsw.gov.au/publications/Publications/Annual-Report-2008-09/annualreport-2008-2009.pdf
A48: 2007-08 | B48: https://www.health.nsw.gov.au/publications/Publications/Annual-Report-2007-08/Annual-Report-2007-08.pdf
A49: 2006-07 | B49: https://www.health.nsw.gov.au/publications/Publications/Annual-Report-2006-07/Annual-Report-2006-07.pdf
A51: These reports were also available - but I the necessary data was available for 2006-07
B52: 2005-06 | C52: https://www.health.nsw.gov.au/publications/Pages/annualreport06.aspx
B53: 2004-05 | C53: https://www.health.nsw.gov.au/publications/Publications/Annual-Report-2004-05/Annual-Report-2004-05.pdf
B54: 2003-04 | C54: https://www.health.nsw.gov.au/publications/Pages/annualreport04.aspx
B55: 2002-03 | C55: https://www.health.nsw.gov.au/publications/Pages/annualreport03.aspx
B56: 2001-02 | C56: https://www.health.nsw.gov.au/publications/Pages/annualreport02.aspx
A59: We can reference
A60: 2010-11 to 2017-18 at: | B60: https://www.health.nsw.gov.au/annualreport/Pages/annualreport18.aspx

Sheet Workshops
A1: Workshops
A3: Note that the hired staff are expected to be able to do all the workshops
A4: The main point of this page is to set up a look up table to calculate the number of necessary workshops for them - thereby allowing a budget of their time.
A6: Create Lookup Tables for Workshop Costs
B7: The cost of one 3 hour workshop (CNC3 nurse)
A8: a) Collate Trial Hospitals by bed capacity and number of workshops
A10: Hospital Beds Data
A11: Data tables: Hospital resources 2016–17: Australian hospital statistics
A12: DOWNLOADDATA TABLES: HOSPITAL RESOURCES 2016–17: AUSTRALIAN HOSPITAL STATISTICS. FORMAT: XLSX 307KBXLSX 307Kb
A13: https://www.aihw.gov.au/getmedia/a5c95801-198c-40d1-879b-46d7cba44597/aihw-hse-205-ahs-hospital-resources-2016-17-tables.xlsx.aspx
A16: No-CAUTI Workshops Trial Data - Workshops by Hospital by Bed Capacity
A17: Hospital | B17: AIHW Reported Beds | C17: Round up to Nearest 100 | D17: Observed Workshops
A18: Metropolitian 1 | B18: 525.9 | C18: 500 | D18: 4
A19: Rural 1 | B19: 324.5 | C19: 300 | D19: 2
A20: Rural 2 | B20: 298.6 | C20: 300 | D20: 2
A21: Metropolitian 2 | B21: 176.5 | C21: 200 | D21: 1
A24: b) Collate a lookup table for Workshops
A26: Use the observed workshop numbers and rounded bed numbers in 1) create a lookup table for hospital bed data in Intervention_Rollout_NSW_Hosp
A28: Workshops: Lookup Table
A29: (a) | B29: (b)
A30: Hospital Beds Look Up * | B30: Expected Workshops (based on Observed)**
A31: 0 | B31: 1
A32: 100 | B32: 1
A33: 200 | B33: 1
A34: 300 | B34: 2
A35: 400 | B35: 3
A36: 500 | B36: 4
A37: 600 | B37: 5
A38: 700 | B38: 6
A39: 800 | B39: 7
A40: 900 | B40: 8
A42: * Hospital bed data rounded to nearest 100 and looked up
A44: ** Workshop numbers based on observed workshops for respective hospitals in the trial.
A46: Hospital Beds Source:
A47: Data tables: Hospital resources 2016–17: Australian hospital statistics
A48: DOWNLOADDATA TABLES: HOSPITAL RESOURCES 2016–17: AUSTRALIAN HOSPITAL STATISTICS. FORMAT: XLSX 307KBXLSX 307Kb
A49: https://www.aihw.gov.au/getmedia/a5c95801-198c-40d1-879b-46d7cba44597/aihw-hse-205-ahs-hospital-resources-2016-17-tables.xlsx.aspx
A52: c) Nurse Turnover rate
A54: According to Roche (2015), the annual nurse turnover rate recently was: | C54: 0.151
A55: 10.1016/j.colegn.2014.05.002
A57: * For Years 2 to 4
A58: Attendees are only new staff - or 15% of staff attendees in Yr1
A59: If Beds(n) = 0, the same fraction contribution to one joint workshop as in Year 1
A60: ELSE = 1 workshop

Sheet Audits Point-Prev
A1: Audit Costs/Point Prevalence
A3: In a roll-out it is likely that Audits and Point prevelence surveys will include no extra budget costs
A4: These activities are likley to be conducted by nurses already employed
A5: This section is only necessary for a sensitivity analysis in which the Auditing and Point Prevalence is conducted by casual nurses especially hired for the activity
A7: The activity is conducted as follows
A8: a) Compliance Audits
A9: Once a week for the first month of Yr 1
A10: Then, once a year (including Yr 1, with Point Prevalence Audits)
A11: Compliance audits are only conducted in wards with catheterised patients
A13: Total Year 1 Audits = 5
A15: Years 2 to 5 = 1 per year
A17: b) Point Prevalence (monitor effectiveness)
... A28: For the sensitivity analysis, they will be casuals
A30: Weekly Wage RN8 (No overhead) | B30: Hourly Rate | C30: Daily Rate (7.6 hours) | D30: Source | E30: (See page, Labour_Costs)
A31: 1685.1 | B31: 44.344737 | C31: 337.02 | D31: http://www.health.nsw.gov.au/careers/conditions/Awards/nurses.pdf | E31: page 82
A33: Casual Loadings, On-Costs and overheads are added in Table
A35: b) Compliance Audits - Time per Catheterised Patient
A36: Budget Impact Analysis will just apply the estimated average compliance auditing time - based on No-CAUTI trial observations - per catheterised patient across all hospitals.
A38: Auditing Nurses (n)*= | B38: 1
A40: Minutes per Patient* | B40: 2
A41: * Based on observations in No-CAUTI trial
A43: c) Point Prevalence Audits - Look Up Table
A44: Given their greater labour intensity, Point Prevalence Audits will be allocated according to hospital bed capacity
A46: Survey Nurses (n)*= | B46: 2
A48: The 'largest' trial hospital (Metroplitian 1) has almost 500 beds (AIHW data) (based on email from M. Giles, (to R.Ling 31/01/2020) - a 'large' hospital = 1 day
A49: A 500 bed hospital requires 2 casula RN8s for 1 working day (8 hours).
A50: Assume a 'straight line' variation around a 500 bed hospital is 100 beds = +- 0.2 of a day.
A53: Lookup Table
A55: Beds (n)* | B55: Days (n) | C55: Round to nearest Hour* | D55: Cost ($) (2 RN8 nurses - Casual With Overheads)
A56: 0 | B56: 0.2 | C56: 2 | D56: 177.37895
A57: 100 | B57: 0.2 | C57: 2 | D57: 177.37895
A58: 200 | B58: 0.4 | C58: 4 | D58: 354.75789
A59: 300 | B59: 0.6 | C59: 5 | D59: 443.44737
A60: 400 | B60: 0.8 | C60: 7 | D60: 620.82632
A61: 500 | B61: 1 | C61: 8 | D61: 709.51579
A62: 600 | B62: 1.2 | C62: 10 | D62: 886.89474
A63: 700 | B63: 1.4 | C63: 12 | D63: 1064.2737
A64: 800 | B64: 1.6 | C64: 13 | D64: 1152.9632
A65: 900 | B65: 1.8 | C65: 15 | D65: 1330.3421
A67: * 0 = Less than 100 | D67: Note: The overheads are added in 12_BIA_Costs_Params
D68: Only relevant if done by casuals in Sensitivity Analysis
A69: Hospital Beds
A70: Data tables: Hospital resources 2016–17: Australian hospital statistics
A71: DOWNLOADDATA TABLES: HOSPITAL RESOURCES 2016–17: AUSTRALIAN HOSPITAL STATISTICS. FORMAT: XLSX 307KBXLSX 307Kb
A72: https://www.aihw.gov.au/getmedia/a5c95801-198c-40d1-879b-46d7cba44597/aihw-hse-205-ahs-hospital-resources-2016-17-tables.xlsx.aspx

Sheet Labour_Costs
A1: Labour Costs
A2: Description | B2: Grade | C2: Annual | D2: Weekly | E2: Base Case Hourly | F2: Source
A3: Roll Out Administrator | B3: Clinical Nurse Consultant (Grade 3 and 2nd year thereafter) | C3: 123464.93 | D3: 2366.2 | E3: 62.268421 | F3: http://www.health.nsw.gov.au/careers/conditions/Awards/nurses.pdf
A4: Rollout Administrative Staff | B4: Administrative and Clerical Officer Grade 6 Service Therafter Y1 | C4: 94327 | D4: 1807.7728 | E4: 47.572969 | F4: https://arp.nsw.gov.au/assets/ars/6c02e08dde/A3066796-Attachment-B-Crown-Employees-Public-Sector-Salaries-2019-Award.pdf
A5: Compliance Auditors (Casual) | B5: Registered Nurse Year 8 or above | C5: 87926.108 | D5: 1685.1 | E5: 44.344737 | F5: http://www.health.nsw.gov.au/careers/conditions/Awards/nurses.pdf
A8: Basic Parameters | B8: (n)
A9: Paid Hours in a Working Week | B9: 38 | D9: http://www.health.nsw.gov.au/careers/conditions/Awards/nurses.pdf
A10: Paid Hours in a Working Day | B10: 7.6 | D10: Derived from Above (38/5)
A11: Paid Weeks in a Working Year | B11: 52.17857 | D11: http://www.health.nsw.gov.au/careers/conditions/Awards/nurses.pdf
A12: On Costs (FT) | B12: 0.2151 | D12: https://www.hr.unsw.edu.au/services/salaries/oncosts.html | I12: This On-Cost measure has a lower super annuation of 9.5% - lower than the university rate
A13: Casual On-Cost (rate) | B13: 0.1567 | D13: https://www.hr.unsw.edu.au/services/salaries/oncosts.html
A14: Casual Loading (rate) | B14: 0.1 | D14: http://www.health.nsw.gov.au/careers/conditions/Awards/nurses.pdf
A15: Overhead Costs | B15: 0.275 | D15: Personal communication; HNE Finance Officer 13/12/2018

Sheet BIA Params
A1: Parameters
B3: Catheterisation Rates | C3: Urine Tests | D3: Antibiotics
A4: Pre | B4: 0.1196319 | C4: 0.43589744 | D4: 0.076923077
A5: 4 months | B5: 0.098986285 | C5: 0.34337349 | D5: 0.060240964
A6: 9 months | B6: 0.10186976 | C6: 0.51265823 | D6: 0.088607595
A7: 12 months | B7: 0.10310949 | C7: 0.45514445 | D7: 0.07906741
A108: * Includes casual loading and on-costs

Sheet Labour Time Budget
A1: No-CAUTI NSW Rollout Labour Time Budget
A3: Total hospitals | B3: 180
A4: Calculated total 3 hour Workshops (Yr 1) | B4: 144
A5: Calculated total 3 hour Workshops (Yrs 2 to 5) | B5: 16
A7: Intervention Labour
B8: Total Necessary Hrs Yr 1 | E8: Total Necessary Hrs Yrs 2-5
B9: CNC3 | C9: Administration | E9: CNC3 | F9: Administration
B10: (n) | C10: (n) | E10: (n) | F10: (n)
A11: General Tasks
A12: Intervention set up1 | B12: 80 | C12: 80 | E12: 0 | F12: 0
A13: Organise Zoom workshops (1hrs * Workshop Number)2 | B13: 144 | C13: 144 | E13: 32 | F13: 32
A14: Prep/Post Activity for workshop delivery (1 hr/workshop)3 | B14: 144 | C14: 144 | F14: 16
A15: Deliver workshops (3 hrs each)4 | B15: 432 | E15: 48
A16: Distribute promotional material (equivalent to one hour per week)5 | C16: 52 | E16: 0 | F16: 0
A17: Ongoing admin and reporting to MOH (2 days/ week) 6 | B17: 793 | C17: 793 | E17: 793 | F17: 793
A18: Hospital Liaison (2 days/ week)7* | B18: 793 | C18: 397 | E18: 397 | F18: 397
A19: Contingency time: 4 hrs per week (half a day/week) | B19: 192 | C19: 192 | E19: 192 | F19: 192
A20: Totals | B20: 2578 | C20: 1802 | E20: 1462 | F20: 1430
A22: Approximate Full Time Equivalent over one year8 | B22: 1.4 | C22: 1 | E22: 0.8 | F22: 0.8
A24: 1Set up of the operation - includes creation of ZOOM version of workshops.
A25: 2Arranging workshops. CNC3 and Admin needs to work with getting hospital co-operation and doing logistics
A26: 3Set up, paperwork, break down
A27: 4CNC3 delivers workshops - arguably the admin person might also attend some (to assist etc)
A28: 5If email were organised to each hospital, to the appropriate person, perhaps with a follow up call or email, there could be one week of work.
A29: 6Assuming that the admin person might be required at any time through this
A30: 7Making contact with key persons across the hospitals and LHDs.
A31: 8One year full time hours (7.6 per day, 5 days per week, 48 working days)
A33: Reference Table: Hours | B33: hrs
A34: 1 year of hrs for 1 staff member (48 week year) | B34: 1982.7857
A35: Part-Time load (Just for reference)
A36: 0.8 Year (4 days per week) | B36: 1586.2285
A37: 0.6 Year (3 days per week) | B37: 1189.6714
A38: 0.4 Year (2 days per week) | B38: 793.11426
A39: 0.2 Year (1 day week) | B39: 396.55713

Sheet Model NSW
A1: Rates Model NSW | T1: Parameter Post Intervention Model
D3: Int Catheterisations | E3: Int Catheterisations (cum) | F3: Int Pops | H3: Int Rates | I3: Int Rates Cum | J3: IntUrineTests | K3: IntUrineTests Cum | L3: IntUrineTestRates | M3: IntUrineTestRatesCum | N3: IntAntibiotics | O3: IntAntibioticsCujm | P3: IntAntibioticsRates | Q3: IntAntibioticsRatesCum | T3: Post Intervention Months | U3: Catheterisations | V3: Catheterisations (cum) | W3: Pops | X3: Pops (cum) | Y3: Catheterisation Rates | Z3: Catheterisation Rates (cum) | AA3: Urine Tests | AB3: Urine Tests (cum) | AC3: UrineTest Rates | AD3: Urine Test Rates (cum) | AE3: Antibiotics | AF3: Antibiotics (cum) | AG3: Antibiotics Rates | AH3: Antibiotics Rates (cum)
C4: -1 | D4: 195 | E4: =D4 -> 195 | F4: 1630 | G4: =F4 -> 1630 | H4: =D4/F4 -> 0.1196319 | I4: =E4/G4 -> 0.1196319 | J4: 85 | K4: =J4 -> 85 | L4: =J4/D4 -> 0.43589744 | M4: =K4/E4 -> 0.43589744 | N4: 15 | O4: =N4 -> 15 | P4: =N4/D4 -> 0.076923077 | Q4: =O4/E4 -> 0.076923077 | T4: 1 | U4: =ROUND($K$18*(T4^2)+$K$19*(T4) + $K$20,0) -> 181 | V4: =U4 -> 181 | W4: =ROUND($K$35*$K$36*(T4^2) +$K$37*(T4) + $K$38,0) -> 1673 | X4: =W4 -> 1673 | Y4: =U4/W4 -> 0.10818888 | Z4: =V4/X4 -> 0.10818888 | AA4: =ROUND($K$57*(T4^2) + $K$58*(T4) + $K$59,0) -> 68 | AB4: =AA4 -> 68 | AC4: =AA4/U4 -> 0.37569061 | AD4: =AB4/V4 -> 0.37569061 | AE4: =ROUND($K$78*(T4^2) + $K$79*(T4) + $K$80,0) -> 12 | AF4: =AE4 -> 12 | AG4: =AE4/U4 -> 0.066298343 | AH4: =AF4/V4 -> 0.066298343
C5: 4 | D5: 166 | E5: =D5+E4 -> 361 | F5: 1677 | G5: =F5+G4 -> 3307 | H5: =D5/F5 -> 0.098986285 | I5: =E5/G5 -> 0.10916238 | J5: 57 | K5: =J5+K4 -> 142 | L5: =J5/D5 -> 0.34337349 | M5: =K5/E5 -> 0.3933518 | N5: 10 | O5: =N5+O4 -> 25 | P5: =N5/D5 -> 0.060240964 | Q5: =O5/E5 -> 0.069252078 | T5: 2 | U5: =ROUND($K$18*(T5^2)+$K$19*(T5) + $K$20,0) -> 175 | V5: =U5+V4 -> 356 | W5: =ROUND($K$35*(T5^3)+$K$36*(T5^2) +$K$37*(T5) + $K$38,0) -> 1679 | X5: =W5+X4 -> 3352 | Y5: =U5/W5 -> 0.10422871 | Z5: =V5/X5 -> 0.10620525 | AA5: =ROUND($K$57*(T5^2) + $K$58*(T5) + $K$59,0) -> 62 | AB5: =AA5+AB4 -> 130 | AC5: =AA5/U5 -> 0.35428571 | AD5: =AB5/V5 -> 0.36516854 | AE5: =ROUND($K$78*(T5^2) + $K$79*(T5) + $K$80,0) -> 11 | AF5: =AE5+AF4 -> 23 | AG5: =AE5/U5 -> 0.062857143 | AH5: =AF5/V5 -> 0.064606742
C6: 9 | D6: 158 | E6: =D6+E5 -> 519 | F6: 1551 | G6: =F6+G5 -> 4858 | H6: =D6/F6 -> 0.10186976 | I6: =E6/G6 -> 0.10683409 | J6: 81 | K6: =J6+K5 -> 223 | L6: =J6/D6 -> 0.51265823 | M6: =K6/E6 -> 0.42967245 | N6: 14 | O6: =N6+O5 -> 39 | P6: =N6/D6 -> 0.088607595 | Q6: =O6/E6 -> 0.075144509 | T6: 3 | U6: =ROUND($K$18*(T6^2)+$K$19*(T6) + $K$20,0) -> 170 | V6: =U6+V5 -> 526 | W6: =ROUND($K$35*(T6^3)+$K$36*(T6^2) +$K$37*(T6) + $K$38,0) -> 1681 | X6: =W6+X5 -> 5033 | Y6: =U6/W6 -> 0.10113028 | Z6: =V6/X6 -> 0.10451023 | AA6: =ROUND($K$57*(T6^2) + $K$58*(T6) + $K$59,0) -> 58 | AB6: =AA6+AB5 -> 188 | AC6: =AA6/U6 -> 0.34117647 | AD6: =AB6/V6 -> 0.35741445 | AE6: =ROUND($K$78*(T6^2) + $K$79*(T6) + $K$80,0) -> 10 | AF6: =AE6+AF5 -> 33 | AG6: =AE6/U6 -> 0.058823529 | AH6: =AF6/V6 -> 0.062737643
T7: 4 | U7: =ROUND($K$18*(T7^2)+$K$19*(T7) + $K$20,0) -> 166 | V7: =U7+V6 -> 692 | W7: =ROUND($K$35*(T7^3)+$K$36*(T7^2) +$K$37*(T7) + $K$38,0) -> 1677 | X7: =W7+X6 -> 6710 | Y7: =U7/W7 -> 0.098986285 | Z7: =V7/X7 -> 0.10312966 | AA7: =ROUND($K$57*(T7^2) + $K$58*(T7) + $K$59,0) -> 57 | AB7: =AA7+AB6 -> 245 | AC7: =AA7/U7 -> 0.34337349 | AD7: =AB7/V7 -> 0.35404624 | AE7: =ROUND($K$78*(T7^2) + $K$79*(T7) + $K$80,0) -> 10 | AF7: =AE7+AF6 -> 43 | AG7: =AE7/U7 -> 0.060240964 | AH7: =AF7/V7 -> 0.062138728
T8: 5 | U8: =ROUND($K$18*(T8^2)+$K$19*(T8) + $K$20,0) -> 163 | V8: =U8+V7 -> 855 | W8: =ROUND($K$35*(T8^3)+$K$36*(T8^2) +$K$37*(T8) + $K$38,0) -> 1666 | X8: =W8+X7 -> 8376 | Y8: =U8/W8 -> 0.097839136 | Z8: =V8/X8 -> 0.10207736 | AA8: =ROUND($K$57*(T8^2) + $K$58*(T8) + $K$59,0) -> 58 | AB8: =AA8+AB7 -> 303 | AC8: =AA8/U8 -> 0.35582822 | AD8: =AB8/V8 -> 0.35438596 | AE8: =ROUND($K$78*(T8^2) + $K$79*(T8) + $K$80,0) -> 10 | AF8: =AE8+AF7 -> 53 | AG8: =AE8/U8 -> 0.061349693 | AH8: =AF8/V8 -> 0.061988304
T9: 6 | U9: =ROUND($K$18*(T9^2)+$K$19*(T9) + $K$20,0) -> 160 | V9: =U9+V8 -> 1015 | W9: =ROUND($K$35*(T9^3)+$K$36*(T9^2) +$K$37*(T9) + $K$38,0) -> 1647 | X9: =W9+X8 -> 10023 | Y9: =U9/W9 -> 0.097146327 | Z9: =V9/X9 -> 0.10126709 | AA9: =ROUND($K$57*(T9^2) + $K$58*(T9) + $K$59,0) -> 60 | AB9: =AA9+AB8 -> 363 | AC9: =AA9/U9 -> 0.375 | AD9: =AB9/V9 -> 0.35763547 | AE9: =ROUND($K$78*(T9^2) + $K$79*(T9) + $K$80,0) -> 11 | AF9: =AE9+AF8 -> 64 | AG9: =AE9/U9 -> 0.06875 | AH9: =AF9/V9 -> 0.063054187
T10: 7 | U10: =ROUND($K$18*(T10^2)+$K$19*(T10) + $K$20,0) -> 159 | V10: =U10+V9 -> 1174 | W10: =ROUND($K$35*(T10^3)+$K$36*(T10^2) +$K$37*(T10) + $K$38,0) -> 1622 | X10: =W10+X9 -> 11645 | Y10: =U10/W10 -> 0.098027127 | Z10: =V10/X10 -> 0.1008158 | AA10: =ROUND($K$57*(T10^2) + $K$58*(T10) + $K$59,0) -> 65 | AB10: =AA10+AB9 -> 428 | AC10: =AA10/U10 -> 0.40880503 | AD10: =AB10/V10 -> 0.36456559 | AE10: =ROUND($K$78*(T10^2) + $K$79*(T10) + $K$80,0) -> 11 | AF10: =AE10+AF9 -> 75 | AG10: =AE10/U10 -> 0.06918239 | AH10: =AF10/V10 -> 0.063884157
T11: 8 | U11: =ROUND($K$18*(T11^2)+$K$19*(T11) + $K$20,0) -> 158 | V11: =U11+V10 -> 1332 | W11: =ROUND($K$35*(T11^3)+$K$36*(T11^2) +$K$37*(T11) + $K$38,0) -> 1590 | X11: =W11+X10 -> 13235 | Y11: =U11/W11 -> 0.099371069 | Z11: =V11/X11 -> 0.10064224 | AA11: =ROUND($K$57*(T11^2) + $K$58*(T11) + $K$59,0) -> 72 | AB11: =AA11+AB10 -> 500 | AC11: =AA11/U11 -> 0.4556962 | AD11: =AB11/V11 -> 0.37537538 | AE11: =ROUND($K$78*(T11^2) + $K$79*(T11) + $K$80,0) -> 12 | AF11: =AE11+AF10 -> 87 | AG11: =AE11/U11 -> 0.075949367 | AH11: =AF11/V11 -> 0.065315315
T12: 9 | U12: =ROUND($K$18*(T12^2)+$K$19*(T12) + $K$20,0) -> 158 | V12: =U12+V11 -> 1490 | W12: =ROUND($K$35*(T12^3)+$K$36*(T12^2) +$K$37*(T12) + $K$38,0) -> 1551 | X12: =W12+X11 -> 14786 | Y12: =U12/W12 -> 0.10186976 | Z12: =V12/X12 -> 0.100771 | AA12: =ROUND($K$57*(T12^2) + $K$58*(T12) + $K$59,0) -> 81 | AB12: =AA12+AB11 -> 581 | AC12: =AA12/U12 -> 0.51265823 | AD12: =AB12/V12 -> 0.38993289 | AE12: =ROUND($K$78*(T12^2) + $K$79*(T12) + $K$80,0) -> 14 | AF12: =AE12+AF11 -> 101 | AG12: =AE12/U12 -> 0.088607595 | AH12: =AF12/V12 -> 0.067785235
T13: 10 | U13: =ROUND($K$18*(T13^2)+$K$19*(T13) + $K$20,0) -> 159 | V13: =U13+V12 -> 1649 | W13: =ROUND($K$35*(T13^3)+$K$36*(T13^2) +$K$37*(T13) + $K$38,0) -> 1505 | X13: =W13+X12 -> 16291 | Y13: =U13/W13 -> 0.10564784 | Z13: =V13/X13 -> 0.10122153 | AA13: =ROUND($K$57*(T13^2) + $K$58*(T13) + $K$59,0) -> 92 | AB13: =AA13+AB12 -> 673 | AC13: =AA13/U13 -> 0.57861635 | AD13: =AB13/V13 -> 0.40812614 | AE13: =ROUND($K$78*(T13^2) + $K$79*(T13) + $K$80,0) -> 16 | AF13: =AE13+AF12 -> 117 | AG13: =AE13/U13 -> 0.10062893 | AH13: =AF13/V13 -> 0.070952092
T14: 11 | U14: =ROUND($K$18*(T14^2)+$K$19*(T14) + $K$20,0) -> 161 | V14: =U14+V13 -> 1810 | W14: =ROUND($K$35*(T14^3)+$K$36*(T14^2) +$K$37*(T14) + $K$38,0) -> 1452 | X14: =W14+X13 -> 17743 | Y14: =U14/W14 -> 0.11088154 | Z14: =V14/X14 -> 0.10201206 | AA14: =ROUND($K$57*(T14^2) + $K$58*(T14) + $K$59,0) -> 105 | AB14: =AA14+AB13 -> 778 | AC14: =AA14/U14 -> 0.65217391 | AD14: =AB14/V14 -> 0.42983425 | AE14: =ROUND($K$78*(T14^2) + $K$79*(T14) + $K$80,0) -> 18 | AF14: =AE14+AF13 -> 135 | AG14: =AE14/U14 -> 0.11180124 | AH14: =AF14/V14 -> 0.074585635
T15: 12 | U15: =ROUND($K$18*(T15^2)+$K$19*(T15) + $K$20,0) -> 163 | V15: =U15+V14 -> 1973 | W15: =ROUND($K$35*(T15^3)+$K$36*(T15^2) +$K$37*(T15) + $K$38,0) -> 1392 | X15: =W15+X14 -> 19135 | Y15: =U15/W15 -> 0.1170977 | Z15: =V15/X15 -> 0.10310949 | AA15: =ROUND($K$57*(T15^2) + $K$58*(T15) + $K$59,0) -> 120 | AB15: =AA15+AB14 -> 898 | AC15: =AA15/U15 -> 0.73619632 | AD15: =AB15/V15 -> 0.45514445 | AE15: =ROUND($K$78*(T15^2) + $K$79*(T15) + $K$80,0) -> 21 | AF15: =AE15+AF14 -> 156 | AG15: =AE15/U15 -> 0.12883436 | AH15: =AF15/V15 -> 0.07906741
J16: STATA Outputs (for checking and precision)
J18: Post_Month2 | K18: 0.42
J19: Post_Month | K19: -7.06
J20: _cons | K20: 187.52
J36: Post_Monthp2 | K36: -3.46
J37: Month | K37: 19.78
J38: _cons | K38: 1653.2
J57: Post_Monthp2 | K57: 1.04
J58: Post_Month | K58: -8.72
J59: _cons | K59: 75.24
J78: Post_Monthp2 | K78: 0.18
J79: Post_Month | K79: -1.54
J80: _cons | K80: 13.28
J90: Note STATA's values were rendered to the same number of decimal places as EXCEL's

Sheet Model Metro
A1: Rates Model Metropolitan | T1: Parameter Post Intervention Model
C3: Post_Month | D3: Int Catheterisations | E3: Int Catheterisations (cum) | F3: Int Pops | G3: Int Pops (cum) | H3: Int Rates | I3: Int Rates (cum) | J3: IntUrineTests | K3: IntUrineTestsCum | L3: IntUrineTestRates | M3: IntUrineTestRatesCum | N3: IntAntibiotics | O3: IntAntibioticsCum | P3: IntAntibioticsRates | Q3: IntAntibioticsRatesCum | T3: Post Intervention Months | U3: Catheterisations | V3: Catheterisations (cum) | W3: Pops | X3: Pops (cum) | Y3: Catheterisation Rates | Z3: Catheterisation Rates (cum) | AA3: Urine Tests | AB3: Urine Tests (cum) | AC3: UrineTest Rates | AD3: Urine Test Rates (cum) | AE3: Antibiotics | AF3: Antibiotics (cum) | AG3: Antibiotics Rates | AH3: Antibiotics Rates (cum)
C4: -1 | D4: 132 | E4: =D4 -> 132 | F4: 1109 | G4: =F4 -> 1109 | H4: =D4/F4 -> 0.11902615 | I4: =E4/G4 -> 0.11902615 | J4: 60 | K4: =J4 -> 60 | L4: =J4/D4 -> 0.45454545 | M4: =K4/E4 -> 0.45454545 | N4: 12 | O4: =N4 -> 12 | P4: =N4/D4 -> 0.090909091 | Q4: =O4/E4 -> 0.090909091 | T4: 1 | U4: =ROUND($K$18*(T4^2) + $K$19*(T4) + $K$20,0) -> 118 | V4: =U4 -> 118 | W4: =ROUND($K$36*(T4^2) +$K$37*(T4) + $K$38,0) -> 1140 | X4: =W4 -> 1140 | Y4: =U4/W4 -> 0.10350877 | Z4: =V4/X4 -> 0.10350877 | AA4: =ROUND($K$59*(T4^2) + $K$60*(T4) + $K$61,0) -> 46 | AB4: =AA4 -> 46 | AC4: =AA4/U4 -> 0.38983051 | AD4: =AB4/V4 -> 0.38983051 | AE4: =ROUND(K$80*(T4^2) +$K$81*(T4) + $K$82,0) -> 11 | AF4: =AE4 -> 11 | AG4: =AE4/U4 -> 0.093220339 | AH4: =AF4/V4 -> 0.093220339
C5: 4 | D5: 108 | E5: =D5+E4 -> 240 | F5: 1149 | G5: =F5+G4 -> 2258 | H5: =D5/F5 -> 0.093994778 | I5: =E5/G5 -> 0.10628875 | J5: 40 | K5: =J5+K4 -> 100 | L5: =J5/D5 -> 0.37037037 | M5: =K5/E5 -> 0.41666667 | N5: 10 | O5: =N5+O4 -> 22 | P5: =N5/D5 -> 0.092592593 | Q5: =O5/E5 -> 0.091666667 | T5: 2 | U5: =ROUND($K$18*(T5^2) + $K$19*(T5) + $K$20,0) -> 113 | V5: =U5+V4 -> 231 | W5: =ROUND($K$36*(T5^2) +$K$37*(T5) + $K$38,0) -> 1148 | X5: =W5+X4 -> 2288 | Y5: =U5/W5 -> 0.098432056 | Z5: =V5/X5 -> 0.10096154 | AA5: =ROUND($K$59*(T5^2) + $K$60*(T5) + $K$61,0) -> 42 | AB5: =AA5+AB4 -> 88 | AC5: =AA5/U5 -> 0.37168142 | AD5: =AB5/V5 -> 0.38095238 | AE5: =ROUND(K$80*(T5^2) +$K$81*(T5) + $K$82,0) -> 10 | AF5: =AE5+AF4 -> 21 | AG5: =AE5/U5 -> 0.088495575 | AH5: =AF5/V5 -> 0.090909091
C6: 9 | D6: 120 | E6: =D6+E5 -> 360 | F6: 1064 | G6: =F6+G5 -> 3322 | H6: =D6/F6 -> 0.11278195 | I6: =E6/G6 -> 0.10836845 | J6: 67 | K6: =J6+K5 -> 167 | L6: =J6/D6 -> 0.55833333 | M6: =K6/E6 -> 0.46388889 | N6: 13 | O6: =N6+O5 -> 35 | P6: =N6/D6 -> 0.10833333 | Q6: =O6/E6 -> 0.097222222 | T6: 3 | U6: =ROUND($K$18*(T6^2) + $K$19*(T6) + $K$20,0) -> 110 | V6: =U6+V5 -> 341 | W6: =ROUND($K$36*(T6^2) +$K$37*(T6) + $K$38,0) -> 1151 | X6: =W6+X5 -> 3439 | Y6: =U6/W6 -> 0.09556907 | Z6: =V6/X6 -> 0.099156732 | AA6: =ROUND($K$59*(T6^2) + $K$60*(T6) + $K$61,0) -> 40 | AB6: =AA6+AB5 -> 128 | AC6: =AA6/U6 -> 0.36363636 | AD6: =AB6/V6 -> 0.37536657 | AE6: =ROUND(K$80*(T6^2) +$K$81*(T6) + $K$82,0) -> 10 | AF6: =AE6+AF5 -> 31 | AG6: =AE6/U6 -> 0.090909091 | AH6: =AF6/V6 -> 0.090909091
T7: 4 | U7: =ROUND($K$18*(T7^2) + $K$19*(T7) + $K$20,0) -> 108 | V7: =U7+V6 -> 449 | W7: =ROUND($K$36*(T7^2) +$K$37*(T7) + $K$38,0) -> 1149 | X7: =W7+X6 -> 4588 | Y7: =U7/W7 -> 0.093994778 | Z7: =V7/X7 -> 0.097863993 | AA7: =ROUND($K$59*(T7^2) + $K$60*(T7) + $K$61,0) -> 40 | AB7: =AA7+AB6 -> 168 | AC7: =AA7/U7 -> 0.37037037 | AD7: =AB7/V7 -> 0.37416481 | AE7: =ROUND(K$80*(T7^2) +$K$81*(T7) + $K$82,0) -> 10 | AF7: =AE7+AF6 -> 41 | AG7: =AE7/U7 -> 0.092592593 | AH7: =AF7/V7 -> 0.091314031
T8: 5 | U8: =ROUND($K$18*(T8^2) + $K$19*(T8) + $K$20,0) -> 108 | V8: =U8+V7 -> 557 | W8: =ROUND($K$36*(T8^2) +$K$37*(T8) + $K$38,0) -> 1142 | X8: =W8+X7 -> 5730 | Y8: =U8/W8 -> 0.094570928 | Z8: =V8/X8 -> 0.097207679 | AA8: =ROUND($K$59*(T8^2) + $K$60*(T8) + $K$61,0) -> 42 | AB8: =AA8+AB7 -> 210 | AC8: =AA8/U8 -> 0.38888889 | AD8: =AB8/V8 -> 0.37701975 | AE8: =ROUND(K$80*(T8^2) +$K$81*(T8) + $K$82,0) -> 10 | AF8: =AE8+AF7 -> 51 | AG8: =AE8/U8 -> 0.092592593 | AH8: =AF8/V8 -> 0.091561939
J9: STATA Outputs (for checking and precision) | T9: 6 | U9: =ROUND($K$18*(T9^2) + $K$19*(T9) + $K$20,0) -> 108 | V9: =U9+V8 -> 665 | W9: =ROUND($K$36*(T9^2) +$K$37*(T9) + $K$38,0) -> 1130 | X9: =W9+X8 -> 6860 | Y9: =U9/W9 -> 0.095575221 | Z9: =V9/X9 -> 0.096938776 | AA9: =ROUND($K$59*(T9^2) + $K$60*(T9) + $K$61,0) -> 45 | AB9: =AA9+AB8 -> 255 | AC9: =AA9/U9 -> 0.41666667 | AD9: =AB9/V9 -> 0.38345865 | AE9: =ROUND(K$80*(T9^2) +$K$81*(T9) + $K$82,0) -> 11 | AF9: =AE9+AF8 -> 62 | AG9: =AE9/U9 -> 0.10185185 | AH9: =AF9/V9 -> 0.093233083
T10: 7 | U10: =ROUND($K$18*(T10^2) + $K$19*(T10) + $K$20,0) -> 111 | V10: =U10+V9 -> 776 | W10: =ROUND($K$36*(T10^2) +$K$37*(T10) + $K$38,0) -> 1113 | X10: =W10+X9 -> 7973 | Y10: =U10/W10 -> 0.099730458 | Z10: =V10/X10 -> 0.097328484 | AA10: =ROUND($K$59*(T10^2) + $K$60*(T10) + $K$61,0) -> 51 | AB10: =AA10+AB9 -> 306 | AC10: =AA10/U10 -> 0.45945946 | AD10: =AB10/V10 -> 0.3943299 | AE10: =ROUND(K$80*(T10^2) +$K$81*(T10) + $K$82,0) -> 11 | AF10: =AE10+AF9 -> 73 | AG10: =AE10/U10 -> 0.099099099 | AH10: =AF10/V10 -> 0.094072165
T11: 8 | U11: =ROUND($K$18*(T11^2) + $K$19*(T11) + $K$20,0) -> 115 | V11: =U11+V10 -> 891 | W11: =ROUND($K$36*(T11^2) +$K$37*(T11) + $K$38,0) -> 1091 | X11: =W11+X10 -> 9064 | Y11: =U11/W11 -> 0.10540788 | Z11: =V11/X11 -> 0.098300971 | AA11: =ROUND($K$59*(T11^2) + $K$60*(T11) + $K$61,0) -> 58 | AB11: =AA11+AB10 -> 364 | AC11: =AA11/U11 -> 0.50434783 | AD11: =AB11/V11 -> 0.40852974 | AE11: =ROUND(K$80*(T11^2) +$K$81*(T11) + $K$82,0) -> 12 | AF11: =AE11+AF10 -> 85 | AG11: =AE11/U11 -> 0.10434783 | AH11: =AF11/V11 -> 0.095398429
T12: 9 | U12: =ROUND($K$18*(T12^2) + $K$19*(T12) + $K$20,0) -> 120 | V12: =U12+V11 -> 1011 | W12: =ROUND($K$36*(T12^2) +$K$37*(T12) + $K$38,0) -> 1064 | X12: =W12+X11 -> 10128 | Y12: =U12/W12 -> 0.11278195 | Z12: =V12/X12 -> 0.099822275 | AA12: =ROUND($K$59*(T12^2) + $K$60*(T12) + $K$61,0) -> 67 | AB12: =AA12+AB11 -> 431 | AC12: =AA12/U12 -> 0.55833333 | AD12: =AB12/V12 -> 0.42631058 | AE12: =ROUND(K$80*(T12^2) +$K$81*(T12) + $K$82,0) -> 13 | AF12: =AE12+AF11 -> 98 | AG12: =AE12/U12 -> 0.10833333 | AH12: =AF12/V12 -> 0.096933729
T13: 10 | U13: =ROUND($K$18*(T13^2) + $K$19*(T13) + $K$20,0) -> 127 | V13: =U13+V12 -> 1138 | W13: =ROUND($K$36*(T13^2) +$K$37*(T13) + $K$38,0) -> 1032 | X13: =W13+X12 -> 11160 | Y13: =U13/W13 -> 0.12306202 | Z13: =V13/X13 -> 0.10197133 | AA13: =ROUND($K$59*(T13^2) + $K$60*(T13) + $K$61,0) -> 78 | AB13: =AA13+AB12 -> 509 | AC13: =AA13/U13 -> 0.61417323 | AD13: =AB13/V13 -> 0.44727592 | AE13: =ROUND(K$80*(T13^2) +$K$81*(T13) + $K$82,0) -> 14 | AF13: =AE13+AF12 -> 112 | AG13: =AE13/U13 -> 0.11023622 | AH13: =AF13/V13 -> 0.098418278
T14: 11 | U14: =ROUND($K$18*(T14^2) + $K$19*(T14) + $K$20,0) -> 135 | V14: =U14+V13 -> 1273 | W14: =ROUND($K$36*(T14^2) +$K$37*(T14) + $K$38,0) -> 995 | X14: =W14+X13 -> 12155 | Y14: =U14/W14 -> 0.13567839 | Z14: =V14/X14 -> 0.10473056 | AA14: =ROUND($K$59*(T14^2) + $K$60*(T14) + $K$61,0) -> 91 | AB14: =AA14+AB13 -> 600 | AC14: =AA14/U14 -> 0.67407407 | AD14: =AB14/V14 -> 0.47132757 | AE14: =ROUND(K$80*(T14^2) +$K$81*(T14) + $K$82,0) -> 16 | AF14: =AE14+AF13 -> 128 | AG14: =AE14/U14 -> 0.11851852 | AH14: =AF14/V14 -> 0.10054988
J15: IntCathete~s | K15: Coefficient | T15: 12 | U15: =ROUND($K$18*(T15^2) + $K$19*(T15) + $K$20,0) -> 144 | V15: =U15+V14 -> 1417 | W15: =ROUND($K$36*(T15^2) +$K$37*(T15) + $K$38,0) -> 953 | X15: =W15+X14 -> 13108 | Y15: =U15/W15 -> 0.15110178 | Z15: =V15/X15 -> 0.10810192 | AA15: =ROUND($K$59*(T15^2) + $K$60*(T15) + $K$61,0) -> 106 | AB15: =AA15+AB14 -> 706 | AC15: =AA15/U15 -> 0.73611111 | AD15: =AB15/V15 -> 0.49823571 | AE15: =ROUND(K$80*(T15^2) +$K$81*(T15) + $K$82,0) -> 17 | AF15: =AE15+AF14 -> 145 | AG15: =AE15/U15 -> 0.11805556 | AH15: =AF15/V15 -> 0.10232886
J18: Post_Monthp2 | K18: 0.72
J19: Post_Month | K19: -6.96
J20: _cons | K20: 124.32
J23: Data = C & D
X27: . | Y27: . | Z27: .
X28: . | Y28: . | Z28: .
X29: . | Y29: . | Z29: .
J34: IntPops | K34: Coefficient
J36: Post_Monthp2 | K36: -2.5
J37: Post_Month | K37: 15.5
J38: _cons | K38: 1127
J42: Data = C & F
J57: IntUrineT~ts | K57: Coefficient
J59: Post_Monthp2 | K59: 0.94 | S59: .
J60: Post_Month | K60: -6.82 | S60: .
J61: _cons | K61: 52.24 | S61: .
J64: Data = C & J
J78: IntAntibi~cs | K78: Coefficient
J80: Post_Monthp2 | K80: 0.1
J81: Post_Month | K81: -0.7
J82: _cons | K82: 11.2
J85: Data = C & N
J87: Note STATA's values were rendered to the same number of decimal places as EXCEL's

Sheet Model Non-Metro
A1: Rates Model Non-Metropolitan | I1: Rates Model Non-Metro | T1: Parameter Post Intervention Model
C3: Post_Month | D3: Int Catheterisations | E3: Int Catheterisations (cum) | F3: Int Pops | G3: Int Pops (cum) | H3: Int Rates | I3: Int Rates (cum) | J3: IntUrineTests | K3: IntUrineTestsCum | L3: IntUrineTestRates | M3: IntUrineTestRatesCum | N3: IntAntibiotics | O3: IntAntibioticsCum | P3: IntAntibioticsRates | T3: Post Intervention Months | U3: Catheterisations | V3: Catheterisations (cum) | W3: Pops | X3: Pops (cum) | Y3: Catheterisation Rates | Z3: Catheterisation Rates (cum) | AA3: Urine Tests | AB3: Urine Tests (cum) | AC3: UrineTest Rates | AD3: Urine Test Rates (cum) | AE3: Antibiotics | AF3: Antibiotics (cum) | AG3: Antibiotics Rates | AH3: Antibiotics Rates (cum)
C4: -1 | D4: 63 | E4: =D4 -> 63 | F4: 521 | G4: =F4 -> 521 | H4: =D4/F4 -> 0.12092131 | I4: =E4/G4 -> 0.12092131 | J4: 25 | K4: =J4 -> 25 | L4: =J4/D4 -> 0.3968254 | M4: =K4/E4 -> 0.3968254 | N4: 3 | O4: =N4 -> 3 | P4: =N4/D4 -> 0.047619048 | T4: 1 | U4: =ROUND($K$16*(T4^2)+$K$17*(T4) + $K$18,0) -> 63 | V4: =U4 -> 63 | W4: =ROUND($K$36*(T4^2) +$K$37*(T4) + $K$38,0) -> 530 | X4: =W4 -> 530 | Y4: =U4/W4 -> 0.11886792 | Z4: =V4/X4 -> 0.11886792 | AA4: =ROUND($K$60*(T4^2) + $K$61*(T4) + $K$62,0) -> 21 | AB4: =AA4 -> 21 | AC4: =AA4/U4 -> 0.33333333 | AD4: =AB4/V4 -> 0.33333333 | AE4: =IF(ROUND($K$80*(T4^2) + $K$81*(T4) + $K$82,0)<0,0,ROUND($K$80*(T4^2) + $K$81*(T4) + $K$82,0)) -> 1 | AF4: =AE4 -> 1 | AG4: =AE4/U4 -> 0.015873016 | AH4: =AF4/V4 -> 0.015873016
C5: 4 | D5: 58 | E5: =E4+D5 -> 121 | F5: 528 | G5: =F5+G4 -> 1049 | H5: =D5/F5 -> 0.10984848 | I5: =E5/G5 -> 0.11534795 | J5: 17 | K5: =J5+K4 -> 42 | L5: =J5/D5 -> 0.29310345 | M5: =K5/E5 -> 0.34710744 | N5: 0 | O5: =N5+O4 -> 3 | P5: =N5/D5 -> 0 | T5: 2 | U5: =ROUND($K$16*(T5^2)+$K$17*(T5) + $K$18,0) -> 62 | V5: =U5+V4 -> 125 | W5: =ROUND($K$36*(T5^2) +$K$37*(T5) + $K$38,0) -> 531 | X5: =W5+X4 -> 1061 | Y5: =U5/W5 -> 0.11676083 | Z5: =V5/X5 -> 0.11781338 | AA5: =ROUND($K$60*(T5^2) + $K$61*(T5) + $K$62,0) -> 20 | AB5: =AA5+AB4 -> 41 | AC5: =AA5/U5 -> 0.32258065 | AD5: =AB5/V5 -> 0.328 | AE5: =IF(ROUND($K$80*(T5^2) + $K$81*(T5) + $K$82,0)<0,0,ROUND($K$80*(T5^2) + $K$81*(T5) + $K$82,0)) -> 1 | AF5: =AE5+AF4 -> 2 | AG5: =AE5/U5 -> 0.016129032 | AH5: =AF5/V5 -> 0.016
C6: 9 | D6: 38 | E6: =E5+D6 -> 159 | F6: 487 | G6: =F6+G5 -> 1536 | H6: =D6/F6 -> 0.078028747 | I6: =E6/G6 -> 0.10351562 | J6: 14 | K6: =J6+K5 -> 56 | L6: =J6/D6 -> 0.36842105 | M6: =K6/E6 -> 0.35220126 | N6: 1 | O6: =N6+O5 -> 4 | P6: =N6/D6 -> 0.026315789 | T6: 3 | U6: =ROUND($K$16*(T6^2)+$K$17*(T6) + $K$18,0) -> 60 | V6: =U6+V5 -> 185 | W6: =ROUND($K$36*(T6^2) +$K$37*(T6) + $K$38,0) -> 530 | X6: =W6+X5 -> 1591 | Y6: =U6/W6 -> 0.11320755 | Z6: =V6/X6 -> 0.11627907 | AA6: =ROUND($K$60*(T6^2) + $K$61*(T6) + $K$62,0) -> 18 | AB6: =AA6+AB5 -> 59 | AC6: =AA6/U6 -> 0.3 | AD6: =AB6/V6 -> 0.31891892 | AE6: =IF(ROUND($K$80*(T6^2) + $K$81*(T6) + $K$82,0)<0,0,ROUND($K$80*(T6^2) + $K$81*(T6) + $K$82,0)) -> 0 | AF6: =AE6+AF5 -> 2 | AG6: =AE6/U6 -> 0 | AH6: =AF6/V6 -> 0.010810811
T7: 4 | U7: =ROUND($K$16*(T7^2)+$K$17*(T7) + $K$18,0) -> 58 | V7: =U7+V6 -> 243 | W7: =ROUND($K$36*(T7^2) +$K$37*(T7) + $K$38,0) -> 528 | X7: =W7+X6 -> 2119 | Y7: =U7/W7 -> 0.10984848 | Z7: =V7/X7 -> 0.11467673 | AA7: =ROUND($K$60*(T7^2) + $K$61*(T7) + $K$62,0) -> 17 | AB7: =AA7+AB6 -> 76 | AC7: =AA7/U7 -> 0.29310345 | AD7: =AB7/V7 -> 0.3127572 | AE7: =IF(ROUND($K$80*(T7^2) + $K$81*(T7) + $K$82,0)<0,0,ROUND($K$80*(T7^2) + $K$81*(T7) + $K$82,0)) -> 0 | AF7: =AE7+AF6 -> 2 | AG7: =AE7/U7 -> 0 | AH7: =AF7/V7 -> 0.0082304527
T8: 5 | U8: =ROUND($K$16*(T8^2)+$K$17*(T8) + $K$18,0) -> 55 | V8: =U8+V7 -> 298 | W8: =ROUND($K$36*(T8^2) +$K$37*(T8) + $K$38,0) -> 524 | X8: =W8+X7 -> 2643 | Y8: =U8/W8 -> 0.10496183 | Z8: =V8/X8 -> 0.11275066 | AA8: =ROUND($K$60*(T8^2) + $K$61*(T8) + $K$62,0) -> 16 | AB8: =AA8+AB7 -> 92 | AC8: =AA8/U8 -> 0.29090909 | AD8: =AB8/V8 -> 0.30872483 | AE8: =IF(ROUND($K$80*(T8^2) + $K$81*(T8) + $K$82,0)<0,0,ROUND($K$80*(T8^2) + $K$81*(T8) + $K$82,0)) -> 0 | AF8: =AE8+AF7 -> 2 | AG8: =AE8/U8 -> 0 | AH8: =AF8/V8 -> 0.0067114094
J9: STATA Outputs (for checking and precision) | T9: 6 | U9: =ROUND($K$16*(T9^2)+$K$17*(T9) + $K$18,0) -> 52 | V9: =U9+V8 -> 350 | W9: =ROUND($K$36*(T9^2) +$K$37*(T9) + $K$38,0) -> 517 | X9: =W9+X8 -> 3160 | Y9: =U9/W9 -> 0.10058027 | Z9: =V9/X9 -> 0.11075949 | AA9: =ROUND($K$60*(T9^2) + $K$61*(T9) + $K$62,0) -> 15 | AB9: =AA9+AB8 -> 107 | AC9: =AA9/U9 -> 0.28846154 | AD9: =AB9/V9 -> 0.30571429 | AE9: =IF(ROUND($K$80*(T9^2) + $K$81*(T9) + $K$82,0)<0,0,ROUND($K$80*(T9^2) + $K$81*(T9) + $K$82,0)) -> 0 | AF9: =AE9+AF8 -> 2 | AG9: =AE9/U9 -> 0 | AH9: =AF9/V9 -> 0.0057142857
T10: 7 | U10: =ROUND($K$16*(T10^2)+$K$17*(T10) + $K$18,0) -> 48 | V10: =U10+V9 -> 398 | W10: =ROUND($K$36*(T10^2) +$K$37*(T10) + $K$38,0) -> 509 | X10: =W10+X9 -> 3669 | Y10: =U10/W10 -> 0.094302554 | Z10: =V10/X10 -> 0.10847642 | AA10: =ROUND($K$60*(T10^2) + $K$61*(T10) + $K$62,0) -> 15 | AB10: =AA10+AB9 -> 122 | AC10: =AA10/U10 -> 0.3125 | AD10: =AB10/V10 -> 0.30653266 | AE10: =IF(ROUND($K$80*(T10^2) + $K$81*(T10) + $K$82,0)<0,0,ROUND($K$80*(T10^2) + $K$81*(T10) + $K$82,0)) -> 0 | AF10: =AE10+AF9 -> 2 | AG10: =AE10/U10 -> 0 | AH10: =AF10/V10 -> 0.0050251256
T11: 8 | U11: =ROUND($K$16*(T11^2)+$K$17*(T11) + $K$18,0) -> 43 | V11: =U11+V10 -> 441 | W11: =ROUND($K$36*(T11^2) +$K$37*(T11) + $K$38,0) -> 499 | X11: =W11+X10 -> 4168 | Y11: =U11/W11 -> 0.086172345 | Z11: =V11/X11 -> 0.10580614 | AA11: =ROUND($K$60*(T11^2) + $K$61*(T11) + $K$62,0) -> 14 | AB11: =AA11+AB10 -> 136 | AC11: =AA11/U11 -> 0.3255814 | AD11: =AB11/V11 -> 0.30839002 | AE11: =IF(ROUND($K$80*(T11^2) + $K$81*(T11) + $K$82,0)<0,0,ROUND($K$80*(T11^2) + $K$81*(T11) + $K$82,0)) -> 0 | AF11: =AE11+AF10 -> 2 | AG11: =AE11/U11 -> 0 | AH11: =AF11/V11 -> 0.0045351474
T12: 9 | U12: =ROUND($K$16*(T12^2)+$K$17*(T12) + $K$18,0) -> 38 | V12: =U12+V11 -> 479 | W12: =ROUND($K$36*(T12^2) +$K$37*(T12) + $K$38,0) -> 487 | X12: =W12+X11 -> 4655 | Y12: =U12/W12 -> 0.078028747 | Z12: =V12/X12 -> 0.10290011 | AA12: =ROUND($K$60*(T12^2) + $K$61*(T12) + $K$62,0) -> 14 | AB12: =AA12+AB11 -> 150 | AC12: =AA12/U12 -> 0.36842105 | AD12: =AB12/V12 -> 0.3131524 | AE12: =IF(ROUND($K$80*(T12^2) + $K$81*(T12) + $K$82,0)<0,0,ROUND($K$80*(T12^2) + $K$81*(T12) + $K$82,0)) -> 1 | AF12: =AE12+AF11 -> 3 | AG12: =AE12/U12 -> 0.026315789 | AH12: =AF12/V12 -> 0.006263048
T13: 10 | U13: =ROUND($K$16*(T13^2)+$K$17*(T13) + $K$18,0) -> 32 | V13: =U13+V12 -> 511 | W13: =ROUND($K$36*(T13^2) +$K$37*(T13) + $K$38,0) -> 473 | X13: =W13+X12 -> 5128 | Y13: =U13/W13 -> 0.067653277 | Z13: =V13/X13 -> 0.099648986 | AA13: =ROUND($K$60*(T13^2) + $K$61*(T13) + $K$62,0) -> 14 | AB13: =AA13+AB12 -> 164 | AC13: =AA13/U13 -> 0.4375 | AD13: =AB13/V13 -> 0.32093933 | AE13: =IF(ROUND($K$80*(T13^2) + $K$81*(T13) + $K$82,0)<0,0,ROUND($K$80*(T13^2) + $K$81*(T13) + $K$82,0)) -> 2 | AF13: =AE13+AF12 -> 5 | AG13: =AE13/U13 -> 0.0625 | AH13: =AF13/V13 -> 0.0097847358
T14: 11 | U14: =ROUND($K$16*(T14^2)+$K$17*(T14) + $K$18,0) -> 26 | V14: =U14+V13 -> 537 | W14: =ROUND($K$36*(T14^2) +$K$37*(T14) + $K$38,0) -> 457 | X14: =W14+X13 -> 5585 | Y14: =U14/W14 -> 0.056892779 | Z14: =V14/X14 -> 0.096150403 | AA14: =ROUND($K$60*(T14^2) + $K$61*(T14) + $K$62,0) -> 14 | AB14: =AA14+AB13 -> 178 | AC14: =AA14/U14 -> 0.53846154 | AD14: =AB14/V14 -> 0.33147114 | AE14: =IF(ROUND($K$80*(T14^2) + $K$81*(T14) + $K$82,0)<0,0,ROUND($K$80*(T14^2) + $K$81*(T14) + $K$82,0)) -> 3 | AF14: =AE14+AF13 -> 8 | AG14: =AE14/U14 -> 0.11538462 | AH14: =AF14/V14 -> 0.014897579
T15: 12 | U15: =ROUND($K$16*(T15^2)+$K$17*(T15) + $K$18,0) -> 19 | V15: =U15+V14 -> 556 | W15: =ROUND($K$36*(T15^2) +$K$37*(T15) + $K$38,0) -> 439 | X15: =W15+X14 -> 6024 | Y15: =U15/W15 -> 0.043280182 | Z15: =V15/X15 -> 0.092297477 | AA15: =ROUND($K$60*(T15^2) + $K$61*(T15) + $K$62,0) -> 15 | AB15: =AA15+AB14 -> 193 | AC15: =AA15/U15 -> 0.78947368 | AD15: =AB15/V15 -> 0.3471223 | AE15: =IF(ROUND($K$80*(T15^2) + $K$81*(T15) + $K$82,0)<0,0,ROUND($K$80*(T15^2) + $K$81*(T15) + $K$82,0)) -> 4 | AF15: =AE15+AF14 -> 12 | AG15: =AE15/U15 -> 0.21052632 | AH15: =AF15/V15 -> 0.021582734
J16: Post_Monthp2 | K16: -0.3
J17: Post_Month | K17: -0.1 | T17: Smearing Factor | AE17: Set to 0 if result <0
J18: _cons | K18: 63.2
J22: Data = C & D
X28: . | Y28: . | Z28: .
X29: . | Y29: . | Z29: .
X30: . | Y30: . | Z30: .
J36: Post_Monthp2 | K36: -0.96
J37: Post_Month | K37: 4.28
J38: _cons | K38: 526.24
J41: Data = C & F
J60: Post_Monthp2 | K60: 0.1
J61: Post_Month | K61: -1.9
J62: _cons | K62: 23
J65: Data = C & J
J80: Post_Monthp2 | K80: 0.08
J81: Post_Month | K81: -0.84
J82: _cons | K82: 2.08
J84: Forecasted -ve values will be 0
J86: Data = C & N
J89: Note STATA's values were rendered to the same number of decimal places as EXCEL's

Sheet Model Weights
A1: Model Weights
A3: NSW Hospitals Percentages
A4: Metro | B4: ='Intervention Rollout_NSW'!E300 -> 0.6588486
A5: Other | B5: ='Intervention Rollout_NSW'!E301 -> 0.3411514
A6: Total | B6: ='Intervention Rollout_NSW'!E302 -> 1
A8: a) Usual Care (Trial Rates Pre) | I8: a) Intervention (Rates modelled for 12 months Post Intervention)
B9: Cath | C9: Urine | D9: Anti | J9: Cath | K9: Urine | L9: Anti
A10: Metro | B10: ='Model Metro'!I4 -> 0.11902615 | C10: ='Model Metro'!M4 -> 0.45454545 | D10: ='Model Metro'!Q4 -> 0.090909091 | I10: Metro | J10: ='Model Metro'!Z15 -> 0.10810192 | K10: ='Model Metro'!AD15 -> 0.49823571 | L10: ='Model Metro'!AH15 -> 0.10232886
A11: Non-Metro | B11: ='Model Non-Metro'!H4 -> 0.12092131 | C11: ='Model Non-Metro'!M4 -> 0.3968254 | D11: ='Model Non-Metro'!P4 -> 0.047619048 | I11: Non-Metro | J11: ='Model Non-Metro'!Z15 -> 0.092297477 | K11: ='Model Non-Metro'!AD15 -> 0.3471223 | L11: ='Model Non-Metro'!AH15 -> 0.021582734
A12: NSW | B12: ='Model NSW'!H4 -> 0.1196319 | C12: ='Model NSW'!L4 -> 0.43589744 | D12: ='Model NSW'!P4 -> 0.076923077 | I12: NSW | J12: ='Model NSW'!Z15 -> 0.10310949 | K12: ='Model NSW'!AD15 -> 0.45514445 | L12: ='Model NSW'!AH15 -> 0.07906741
A14: b) NSW Est Separations | I14: b) NSW Est Separations
B15: 2022-23 | C15: 2023-24 | D15: 2024-25 | E15: 2025-26 | F15: 2026-27 | J15: 2022-23 | K15: 2023-24 | L15: 2024-25 | M15: 2025-26 | N15: 2026-27
A17: Metro | B17: ='Table Metro'!D32 -> 758096.9 | C17: ='Table Metro'!E32 -> 771138.15 | D17: ='Table Metro'!F32 -> 784179.4 | E17: ='Table Metro'!G32 -> 797220.65 | F17: ='Table Metro'!H32 -> 810261.89 | I17: Metro | J17: =B17 -> 758096.9 | K17: =C17 -> 771138.15 | L17: =D17 -> 784179.4 | M17: =E17 -> 797220.65 | N17: =F17 -> 810261.89
A18: Non-Metro | B18: ='Table non-Metro'!D32 -> 392542.1 | C18: ='Table non-Metro'!E32 -> 399294.85 | D18: ='Table non-Metro'!F32 -> 406047.6 | E18: ='Table non-Metro'!G32 -> 412800.35 | F18: ='Table non-Metro'!H32 -> 419553.11 | I18: Non-Metro | J18: =B18 -> 392542.1 | K18: =C18 -> 399294.85 | L18: =D18 -> 406047.6 | M18: =E18 -> 412800.35 | N18: =F18 -> 419553.11
A19: NSW | B19: =a_BIA_NSW_Table_Seps_21_22 -> 1150639 | C19: =a_BIA_NSW_Table_Seps_22_23 -> 1170433 | D19: =a_BIA_NSW_Table_Seps_23_24 -> 1190227 | E19: =a_BIA_NSW_Table_Seps_24_25 -> 1210021 | F19: =a_BIA_NSW_Table_Seps_25_26 -> 1229815 | I19: Total | J19: =SUM(J17:J18) -> 1150639 | K19: =SUM(K17:K18) -> 1170433 | L19: =SUM(L17:L18) -> 1190227 | M19: =SUM(M17:M18) -> 1210021 | N19: =SUM(N17:N18) -> 1229815
A21: c) Forecast Catheterisations (n), Metro and Non-Metro | I21: c) Forecast Catheterisations (n), Metro and Non-Metro
A22: Metro | B22: =B17*$B10 -> 90233.355 | C22: =C17*$B10 -> 91785.604 | D22: =D17*$B10 -> 93337.854 | E22: =E17*$B10 -> 94890.104 | F22: =F17*$B10 -> 96442.354 | I22: Metro | J22: =J17*$J10 -> 81951.732 | K22: =K17*$J10 -> 83361.516 | L22: =L17*$J10 -> 84771.3 | M22: =M17*$J10 -> 86181.084 | N22: =N17*$J10 -> 87590.868
A23: Non-Metro | B23: =B18*$B11 -> 47466.703 | C23: =C18*$B11 -> 48283.255 | D23: =D18*$B11 -> 49099.806 | E23: =E18*$B11 -> 49916.358 | F23: =F18*$B11 -> 50732.909 | I23: Non-Metro | J23: =J$18*$J11 -> 36230.646 | K23: =K$18*$J11 -> 36853.907 | L23: =L$18*$J11 -> 37477.169 | M23: =M$18*$J11 -> 38100.431 | N23: =N$18*$J11 -> 38723.693
A25: d) Total for NSW | I25: d) Total for NSW
A26: NSW | B26: =SUM(B22:B23) -> 137700.06 | C26: =SUM(C22:C23) -> 140068.86 | D26: =SUM(D22:D23) -> 142437.66 | E26: =SUM(E22:E23) -> 144806.46 | F26: =SUM(F22:F23) -> 147175.26 | I26: TOTAL (NSW) | J26: =SUM(J22:J23) -> 118182.38 | K26: =SUM(K22:K23) -> 120215.42 | L26: =SUM(L22:L23) -> 122248.47 | M26: =SUM(M22:M23) -> 124281.52 | N26: =SUM(N22:N23) -> 126314.56
A27: Weighted Rate | B27: =B26/B19 -> 0.11967268 | C27: =C26/C19 -> 0.11967268 | D27: =D26/D19 -> 0.11967268 | E27: =E26/E19 -> 0.11967268 | F27: =F26/F19 -> 0.11967268 | I27: Weighted Rate | J27: =J26/J19 -> 0.10271021 | K27: =K26/K19 -> 0.10271021 | L27: =L26/L19 -> 0.10271021 | M27: =M26/M19 -> 0.10271021 | N27: =N26/N19 -> 0.10271021
A29: e) Forecast Urine Tests (n), Metro and Non-Metro | I29: e) Forecast Urine Tests (n), Metro and Non-Metro
A30: Metro | B30: =$C10*B22 -> 41015.161 | C30: =$C10*C22 -> 41720.729 | D30: =$C10*D22 -> 42426.297 | E30: =$C10*E22 -> 43131.865 | F30: =$C10*F22 -> 43837.433 | I30: Metro | J30: =$K$10*J22 -> 40831.279 | K30: =$K$10*K22 -> 41533.684 | L30: =$K$10*L22 -> 42236.089 | M30: =$K$10*M22 -> 42938.494 | N30: =$K$10*N22 -> 43640.898
A31: Non-Metro | B31: =$C11*B23 -> 18835.993 | C31: =$C11*C23 -> 19160.022 | D31: =$C11*D23 -> 19484.05 | E31: =$C11*E23 -> 19808.078 | F31: =$C11*F23 -> 20132.107 | I31: Non-Metro | J31: =$K$11*J23 -> 12576.465 | K31: =$K$11*K23 -> 12792.813 | L31: =$K$11*L23 -> 13009.161 | M31: =$K$11*M23 -> 13225.509 | N31: =$K$11*N23 -> 13441.857
A33: f) Total for NSW | I33: f) Total for NSW
A34: NSW | B34: =SUM(B30:B31) -> 59851.155 | C34: =SUM(C30:C31) -> 60880.751 | D34: =SUM(D30:D31) -> 61910.347 | E34: =SUM(E30:E31) -> 62939.944 | F34: =SUM(F30:F31) -> 63969.54 | I34: NSW | J34: =SUM(J30:J31) -> 53407.744 | K34: =SUM(K30:K31) -> 54326.497 | L34: =SUM(L30:L31) -> 55245.25 | M34: =SUM(M30:M31) -> 56164.003 | N34: =SUM(N30:N31) -> 57082.756
A35: Weighted Rate | B35: =B34/B26 -> 0.43464872 | C35: =C34/C26 -> 0.43464872 | D35: =D34/D26 -> 0.43464872 | E35: =E34/E26 -> 0.43464872 | F35: =F34/F26 -> 0.43464872 | I35: Weighted Rate | J35: =J34/J26 -> 0.45190954 | K35: =K34/K26 -> 0.45190954 | L35: =L34/L26 -> 0.45190954 | M35: =M34/M26 -> 0.45190954 | N35: =N34/N26 -> 0.45190954
A38: c) Forecast Antibiotic Administrations (n), Metro and Non-Metro | I38: c) Forecast Antibiotic Administrations (n), Metro and Non-Metro
A39: Metro | B39: =$D10*B22 -> 8203.0323 | C39: =$D10*C22 -> 8344.1459 | D39: =$D10*D22 -> 8485.2595 | E39: =$D10*E22 -> 8626.3731 | F39: =$D10*F22 -> 8767.4867 | I39: Metro | J39: =$L$10*J22 -> 8386.0276 | K39: =$L$10*K22 -> 8530.2892 | L39: =$L$10*L22 -> 8674.5508 | M39: =$L$10*M22 -> 8818.8124 | N39: =$L$10*N22 -> 8963.0741
A40: Non-Metro | B40: =$D11*B23 -> 2260.3192 | C40: =$D11*C23 -> 2299.2026 | D40: =$D11*D23 -> 2338.086 | E40: =$D11*E23 -> 2376.9694 | F40: =$D11*F23 -> 2415.8528 | I40: Non-Metro | J40: =$L$11*J23 -> 781.95638 | K40: =$L$11*K23 -> 795.40807 | L40: =$L$11*L23 -> 808.85977 | M40: =$L$11*M23 -> 822.31146 | N40: =$L$11*N23 -> 835.76316
A42: f) Total for NSW | I42: f) Total for NSW
A43: NSW | B43: =SUM(B39:B40) -> 10463.351 | C43: =SUM(C39:C40) -> 10643.348 | D43: =SUM(D39:D40) -> 10823.345 | E43: =SUM(E39:E40) -> 11003.342 | F43: =SUM(F39:F40) -> 11183.339 | I43: NSW | J43: =SUM(J39:J40) -> 9167.984 | K43: =SUM(K39:K40) -> 9325.6973 | L43: =SUM(L39:L40) -> 9483.4106 | M43: =SUM(M39:M40) -> 9641.1239 | N43: =SUM(N39:N40) -> 9798.8372
A44: Weighted Rate | B44: =B43/B26 -> 0.075986544 | C44: =C43/C26 -> 0.075986544 | D44: =D43/D26 -> 0.075986544 | E44: =E43/E26 -> 0.075986544 | F44: =F43/F26 -> 0.075986544 | I44: Weighted Rate | J44: =J43/J26 -> 0.077574882 | K44: =K43/K26 -> 0.077574882 | L44: =L43/L26 -> 0.077574882 | M44: =M43/M26 -> 0.077574882 | N44: =N43/N26 -> 0.077574882

Sheet Table Metro
A1: Table 3
A2: CAUTI Intervention: Budget Impact Statement
A3: 2022-23 to 2026-27 - NSW Metropolitan Public Hospitals
A4: Base_Case
A6: Intervention Scenario | D6: Year 1 | E6: Year 2 | F6: Year 3 | G6: Year 4 | H6: Year 5 | I6: Total
A8: Estimated Annual Overnight Separations1 | B8: a | D8: 758096.9 | E8: 771138.15 | F8: 784179.4 | G8: 797220.65 | H8: 810261.89 | I8: 3920897
A10: a. Catheterised Patients
A11: rate | B11: b | D11: 0.10810192 | E11: 0.10810192 | F11: 0.10810192 | G11: 0.10810192 | H11: 0.10810192
A12: (n) | B12: c | C12: b*a | D12: 81951.732 | E12: 83361.516 | F12: 84771.3 | G12: 86181.084 | H12: 87590.868 | I12: 423856.5
A13: b. Catheterised Patients Receiving urine tests
A14: rate | B14: d | D14: 0.49823571 | E14: 0.49823571 | F14: 0.49823571 | G14: 0.49823571 | H14: 0.49823571
A15: (n) | B15: e | C15: d*c | D15: 40831.279 | E15: 41533.684 | F15: 42236.089 | G15: 42938.494 | H15: 43640.898 | I15: 211180.44
A16: c. Catheterised Patients Receiving Antibiotics
A17: rate | B17: f | D17: 0.10232886 | E17: 0.10232886 | F17: 0.10232886 | G17: 0.10232886 | H17: 0.10232886
A18: (n) | B18: g | C18: f*c | D18: 8386.0276 | E18: 8530.2892 | F18: 8674.5508 | G18: 8818.8124 | H18: 8963.0741 | I18: 43372.754
A19: f. Catheter Related Treatment Costs
A20: Catheterisations($) | B20: h | C20: c*$8.14 | D20: 666790.01 | E20: 678260.54 | F20: 689731.07 | G20: 701201.61 | H20: 712672.14 | I20: 3448655.4
A21: Urine Tests ($) | B21: i | C21: e*$35.23 | D21: 1438506.5 | E21: 1463252.6 | F21: 1487998.7 | G21: 1512744.7 | H21: 1537490.8 | I21: 7439993.3
A22: Antibiotic Administrations ($) | B22: j | C22: g*$19.48 | D22: 163396.37 | E22: 166207.22 | F22: 169018.06 | G22: 171828.91 | H22: 174639.75 | I22: 845090.31
A23: g. Total Intervention Cost | B23: k | D23: 296171.72 | E23: 151664.29 | F23: 151664.29 | G23: 151664.29 | H23: 151664.29 | I23: 902828.89
A24: Total Costs Intervention Scenario | D24: 2564864.6 | E24: 2459384.6 | F24: 2498412.1 | G24: 2537439.5 | H24: 2576467 | I24: 12636568
A30: Usual Care Scenario | D30: Year 1 | E30: Year 2 | F30: Year 3 | G30: Year 4 | H30: Year 5 | I30: Total
A32: NSW Public Hospitals, Annual Overnight Separations1 | B32: a | D32: 758096.9 | E32: 771138.15 | F32: 784179.4 | G32: 797220.65 | H32: 810261.89 | I32: 3920897
A34: a. Catheterised Patients
A35: rate | B35: b | D35: 0.11902615 | E35: 0.11902615 | F35: 0.11902615 | G35: 0.11902615 | H35: 0.11902615
A36: (n) | B36: c | C36: b*a | D36: 90233.355 | E36: 91785.604 | F36: 93337.854 | G36: 94890.104 | H36: 96442.354 | I36: 466689.27
A37: b. Catheterised Patients Receiving urine tests
A38: rate | B38: d | D38: 0.45454545 | E38: 0.45454545 | F38: 0.45454545 | G38: 0.45454545 | H38: 0.45454545
A39: (n) | B39: e | C39: d*c | D39: 41015.161 | E39: 41720.729 | F39: 42426.297 | G39: 43131.865 | H39: 43837.433 | I39: 212131.49
A40: c. Catheterised Patients Receiving Antibiotics
A41: rate | B41: f | D41: 0.090909091 | E41: 0.090909091 | F41: 0.090909091 | G41: 0.090909091 | H41: 0.090909091
A42: (n) | B42: g | C42: f*c | D42: 8203.0323 | E42: 8344.1459 | F42: 8485.2595 | G42: 8626.3731 | H42: 8767.4867 | I42: 42426.297
A43: f. Catheter Related Treatment Costs
A44: Catheterisations($) | B44: h | C44: c*$8.14 | D44: 734172.4 | E44: 746802.08 | F44: 759431.77 | G44: 772061.45 | H44: 784691.14 | I44: 3797158.8
A45: Urine Tests ($) | B45: i | C45: e*$35.23 | D45: 1444984.8 | E45: 1469842.3 | F45: 1494699.8 | G45: 1519557.3 | H45: 1544414.8 | I45: 7473499
A46: Antibiotic Administrations ($) | B46: j | C46: g*$19.48 | D46: 159830.83 | E46: 162580.33 | F46: 165329.84 | G46: 168079.35 | H46: 170828.86 | I46: 826649.21
A47: Total Costs Usual Care | D47: 2338988 | E47: 2379224.7 | F47: 2419461.4 | G47: 2459698.1 | H47: 2499934.8 | I47: 12097307
A51: Usual Care - Intervention (Differences) | D51: Year 1 | E51: Year 2 | F51: Year 3 | G51: Year 4 | H51: Year 5 | I51: Total
A52: Outcomes
A53: a. Catheterisation Rates (%) | D53: -0.010924227 | E53: -0.010924227 | F53: -0.010924227 | G53: -0.010924227 | H53: -0.010924227
A54: b. Catheterisations (n) | D54: -8281.6227 | E54: -8424.0883 | F54: -8566.5539 | G54: -8709.0195 | H54: -8851.485 | I54: -42832.769
A55: c. Catheterised Patients Receiving urine tests | D55: -183.88193 | E55: -187.04518 | F55: -190.20843 | G55: -193.37168 | H55: -196.53493 | I55: -951.04214
A56: d. Catheterised Patients Receiving Antibiotics | D56: 182.99537 | E56: 186.14337 | F56: 189.29137 | G56: 192.43937 | H56: 195.58737 | I56: 946.45685
A57: Costs
A58: e. Catheterisations ($) | D58: -67382.387 | E58: -68541.54 | F58: -69700.693 | G58: -70859.847 | H58: -72019 | I58: -348503.47
A59: f. Urine Tests ($) | D59: -6478.2528 | E59: -6589.6957 | F59: -6701.1386 | G59: -6812.5815 | H59: -6924.0244 | I59: -33505.693
A60: g. Antibiotic Administrations ($) | D60: 3565.5475 | E60: 3626.8843 | F60: 3688.221 | G60: 3749.5578 | H60: 3810.8945 | I60: 18441.105
A61: h. Intervention Cost ($) | D61: 296171.72 | E61: 151664.29 | F61: 151664.29 | G61: 151664.29 | H61: 151664.29 | I61: 902828.89
A62: Total Net Costs | D62: 225876.63 | E62: 80159.94 | F62: 78950.68 | G62: 77741.421 | H62: 76532.162 | I62: 539260.83
A64: 1 NSW Ministry of Health Annual Reports. Extrapolations based on linear projections. www.health.nsw.gov.au/AnnualReport. Separations adjusted for Adult hospitals,
A65: Omitted hospitals: Justice Health (Psychiatric) and Sydney Children's Network
A66: All costs and parameters from No-CAUTI trial
A67: All costs inflation adjusted to AUD 2019-20 costs with health inflation indexes from AIHW. 2019. Health expenditure Australia 2017–18 Health and welfare expenditure series Number 65 Cat. no. HWE 77.

Sheet Table non-Metro
A1: Table 3
A2: CAUTI Intervention: Budget Impact Statement
A3: 2022-23 to 2026-27 - NSW Non-Metropolitan Hospitals
A4: Base_Case
A6: Intervention Scenario | D6: Year 1 | E6: Year 2 | F6: Year 3 | G6: Year 4 | H6: Year 5 | I6: Total
A8: Estimated Annual Overnight Separations1 | B8: a | D8: 392542.1 | E8: 399294.85 | F8: 406047.6 | G8: 412800.35 | H8: 419553.11 | I8: 2030238
A10: a. Catheterised Patients
A11: rate | B11: b | D11: 0.092297477 | E11: 0.092297477 | F11: 0.092297477 | G11: 0.092297477 | H11: 0.092297477
A12: (n) | B12: c | C12: b*a | D12: 36230.646 | E12: 36853.907 | F12: 37477.169 | G12: 38100.431 | H12: 38723.693 | I12: 187385.85
A13: b. Catheterised Patients Receiving urine tests
A14: rate | B14: d | D14: 0.3471223 | E14: 0.3471223 | F14: 0.3471223 | G14: 0.3471223 | H14: 0.3471223
A15: (n) | B15: e | C15: d*c | D15: 12576.465 | E15: 12792.813 | F15: 13009.161 | G15: 13225.509 | H15: 13441.857 | I15: 65045.806
A16: c. Catheterised Patients Receiving Antibiotics
A17: rate | B17: f | D17: 0.021582734 | E17: 0.021582734 | F17: 0.021582734 | G17: 0.021582734 | H17: 0.021582734
A18: (n) | B18: g | C18: f*c | D18: 781.95638 | E18: 795.40807 | F18: 808.85977 | G18: 822.31146 | H18: 835.76316 | I18: 4044.2988
A19: f. Catheter Related Treatment Costs
A20: Catheterisations($) | B20: h | C20: c*$8.14 | D20: 294786.11 | E20: 299857.2 | F20: 304928.3 | G20: 309999.39 | H20: 315070.48 | I20: 1524641.5
A21: Urine Tests ($) | B21: i | C21: e*$35.23 | D21: 443075.19 | E21: 450697.24 | F21: 458319.3 | G21: 465941.35 | H21: 473563.4 | I21: 2291596.5
A22: Antibiotic Administrations ($) | B22: j | C22: g*$19.48 | D22: 15235.919 | E22: 15498.016 | F22: 15760.114 | G22: 16022.212 | H22: 16284.309 | I22: 78800.571
A23: g. Total Intervention Cost | B23: k | D23: 111950.08 | E23: 117961.12 | F23: 117961.12 | G23: 117961.12 | H23: 117961.12 | I23: 583794.54
A24: Total Costs Intervention Scenario | D24: 865047.3 | E24: 884013.58 | F24: 896968.82 | G24: 909924.06 | H24: 922879.31 | I24: 4478833.1
A30: Usual Care Scenario | D30: Year 1 | E30: Year 2 | F30: Year 3 | G30: Year 4 | H30: Year 5 | I30: Total
A32: NSW Public Hospitals, Annual Overnight Separations1 | B32: a | D32: 392542.1 | E32: 399294.85 | F32: 406047.6 | G32: 412800.35 | H32: 419553.11 | I32: 2030238
A34: a. Catheterised Patients
A35: rate | B35: b | D35: 0.12092131 | E35: 0.12092131 | F35: 0.12092131 | G35: 0.12092131 | H35: 0.12092131
A36: (n) | B36: c | C36: b*a | D36: 47466.703 | E36: 48283.255 | F36: 49099.806 | G36: 49916.358 | H36: 50732.909 | I36: 245499.03
A37: b. Catheterised Patients Receiving urine tests
A38: rate | B38: d | D38: 0.3968254 | E38: 0.3968254 | F38: 0.3968254 | G38: 0.3968254 | H38: 0.3968254
A39: (n) | B39: e | C39: d*c | D39: 18835.993 | E39: 19160.022 | F39: 19484.05 | G39: 19808.078 | H39: 20132.107 | I39: 97420.251
A40: c. Catheterised Patients Receiving Antibiotics
A41: rate | B41: f | D41: 0.047619048 | E41: 0.047619048 | F41: 0.047619048 | G41: 0.047619048 | H41: 0.047619048
A42: (n) | B42: g | C42: f*c | D42: 2260.3192 | E42: 2299.2026 | F42: 2338.086 | G42: 2376.9694 | H42: 2415.8528 | I42: 11690.43
A43: f. Catheter Related Treatment Costs
A44: Catheterisations($) | B44: h | C44: c*$8.14 | D44: 386206.89 | E44: 392850.66 | F44: 399494.43 | G44: 406138.2 | H44: 412781.96 | I44: 1997472.1
A45: Urine Tests ($) | B45: i | C45: e*$35.23 | D45: 663601.52 | E45: 675017.2 | F45: 686432.89 | G45: 697848.57 | H45: 709264.25 | I45: 3432164.4
A46: Antibiotic Administrations ($) | B46: j | C46: g*$19.48 | D46: 44040.871 | E46: 44798.489 | F46: 45556.107 | G46: 46313.725 | H46: 47071.343 | I46: 227780.54
A47: Total Costs Usual Care | D47: 1093849.3 | E47: 1112666.4 | F47: 1131483.4 | G47: 1150300.5 | H47: 1169117.6 | I47: 5657417.1
A51: Usual Care - Intervention (Differences) | D51: Year 1 | E51: Year 2 | F51: Year 3 | G51: Year 4 | H51: Year 5 | I51: Total
A52: Outcomes
A53: a. Catheterisation Rates (%) | D53: -0.028623828 | E53: -0.028623828 | F53: -0.028623828 | G53: -0.028623828 | H53: -0.028623828
A54: b. Catheterisations (n) | D54: -11236.058 | E54: -11429.347 | F54: -11622.637 | G54: -11815.927 | H54: -12009.216 | I54: -58113.185
A55: c. Catheterised Patients Receiving urine tests | D55: -6259.5283 | E55: -6367.2086 | F55: -6474.8888 | G55: -6582.5691 | H55: -6690.2493 | I55: -32374.444
A56: d. Catheterised Patients Receiving Antibiotics | D56: -1478.3628 | E56: -1503.7945 | F56: -1529.2262 | G56: -1554.658 | H56: -1580.0897 | I56: -7646.1312
A57: Costs
A58: e. Catheterisations ($) | D58: -91420.778 | E58: -92993.454 | F58: -94566.131 | G58: -96138.807 | H58: -97711.484 | I58: -472830.65
A59: f. Urine Tests ($) | D59: -220526.33 | E59: -224319.96 | F59: -228113.59 | G59: -231907.22 | H59: -235700.85 | I59: -1140567.9
A60: g. Antibiotic Administrations ($) | D60: -28804.952 | E60: -29300.473 | F60: -29795.993 | G60: -30291.514 | H60: -30787.034 | I60: -148979.97
A61: h. Intervention Cost ($) | D61: 111950.08 | E61: 117961.12 | F61: 117961.12 | G61: 117961.12 | H61: 117961.12 | I61: 583794.54
A62: Total Net Costs | D62: -228801.98 | E62: -228652.77 | F62: -234514.6 | G62: -240376.42 | H62: -246238.25 | I62: -1178584
A64: 1 NSW Ministry of Health Annual Reports. Extrapolations based on linear projections. www.health.nsw.gov.au/AnnualReport. Separations adjusted for Adult hospitals,
A65: Omitted hospitals: Justice Health (Psychiatric) and Sydney Children's Network
A66: All costs and parameters from No-CAUTI trial
A67: All costs inflation adjusted to AUD 2019-20 costs with health inflation indexes from AIHW. 2019. Health expenditure Australia 2017–18 Health and welfare expenditure series Number 65 Cat. no. HWE 77.

Sheet Trial Antibiotics
B1: CAUTI Intervention Antibiotic use - Cost per Research Phase
B3: Antibiotic | C3: PBS Code | D3: Per Unit Cost | E3: Pre-Trial | G3: Post 4 Months | I3: Post 9 Months | O3: Total
D5: ($) | E5: Units (n) | F5: ($) | G5: Units (n) | H5: ($) | I5: Units (n) | J5: ($) | O5: Units (n) | P5: ($)
B6: Tazocin (vancomycin, Piperacillin/Tazobactam ) | C6: 3130R | D6: 21.57 | E6: 5 | F6: 107.85 | G6: 2 | H6: 43.14 | I6: 2 | J6: 43.14 | O6: 9 | P6: 194.13
B7: Ampicillin (Amoxicillan/Clauvulanate - may add Gentamicin) | C7: 2390T | D7: 16.44 | E7: 3 | F7: 49.32 | G7: 4 | H7: 65.76 | I7: 5 | J7: 82.2 | O7: 12 | P7: 197.28
B8: Trimethoprim/sulfamethoxazole (Bactrim, Septra, others) | C8: 10785P | D8: 18.27 | E8: 2 | F8: 36.54 | G8: 1 | H8: 18.27 | I8: 0 | J8: 0 | O8: 3 | P8: 54.81
B9: Cephalexin (Keflex) | C9: 10778G | D9: 15.21 | E9: 2 | F9: 30.42 | G9: 1 | H9: 15.21 | I9: 3 | J9: 45.63 | O9: 6 | P9: 91.26
B10: Ceftriaxone (Rocephin) | C10: 1784X | D10: 22.49 | E10: 1 | F10: 22.49 | G10: 0 | H10: 0 | I10: 2 | J10: 44.98 | O10: 3 | P10: 67.47
B11: Ciprofloxacin (Cipro) | C11: 1209P | D11: 17.74 | E11: 1 | F11: 17.74 | G11: 0 | H11: 0 | I11: 1 | J11: 17.74 | O11: 2 | P11: 35.48
B12: Cefazolin | C12: 5479J | D12: 39.29 | E12: 0 | F12: 0 | G12: 1 | H12: 39.29 | I12: 1 | J12: 39.29 | O12: 2 | P12: 78.58
B13: Flucloxacillin | C13: 5257Q | D13: 20.44 | E13: 1 | F13: 20.44 | G13: 1 | H13: 20.44 | I13: 0 | J13: 0 | O13: 2 | P13: 40.88
B14: Totals | E14: 15 | F14: 284.8 | G14: 10 | H14: 202.11 | I14: 14 | J14: 272.98 | O14: 39 | P14: 759.89
B15: Average Costs | D15: 21.43125 | F15: 18.986667 | H15: 20.211 | J15: 19.498571 | P15: 19.484359
B16: All costs Dispensed Price for Maximum Quantity (DMPQ) referenced from Pharmaceutical Benefits Web Site (http://www.pbs.gov.au/pbs/home) Accessed: 21/01/2020
B17: Assume one script per patient
M18: 0

Sheet Sensitivity Analyses
A1: Sensitivity Test Results
L3: =
B4: 2022-23 | C4: 2023-24 | D4: 2024-25 | E4: 2025-26 | F4: 2026-27 | G4: TOTAL
A5: Base Case | B5: -2925.3556 | C5: -148492.83 | D5: -155563.92 | E5: -162635 | F5: -169706.09 | G5: -639323.2
A6: Scenarios
A7: SA1. Intervention Cost↑ 10% | B7: 37886.824 | C7: -121530.29 | D7: -128601.38 | E7: -135672.46 | F7: -142743.55 | G7: -490660.86
A9: SA2. Audits & Surveys: Casual Nurses | B9: 196819.93 | C9: -63113.83 | D9: -70184.916 | E9: -77256.002 | F9: -84327.088 | G9: -98061.908
A11: SA3. Cath Rate ↑ 10% | B11: 299253.66 | C11: 158884.45 | D11: 157011.63 | E11: 155138.82 | F11: 153266 | G11: 923554.55
A13: SA4. Cath Rate linear ↑ to Usual Care Rate | B13: -2925.3556 | C13: -46966.84 | D13: 50922.019 | E13: 152244.83 | F13: 257001.59 | G13: 410276.24

Sheet Literature Review
A1: Literature Search Description
A2: A scoping literature search was conducted for peer reviewed articles on CAUTI related hospital interventions with budget impact analysis. Using the University of Newcastle (Australia) library system, searches were conducted using data bases CINAHL, Health Sources (Nurse Edition) and Medline. The authors conducted a wide search within abstracts in articles and conference presentations. The search terms, “Budget & “Urin*, Budget & Catheter*. The searches returned 162 items. Duplicates (n=51), non-English language (n=13) and articles published before 2000 (n=21) were removed, leaving 77. These were filtered for articles within hospital settings with content including: budget impact analysis, costed catheter interventions, CAUTI or other forms of urinary tract infection treatments. Three articles with budget impact statements were identified for consideration. However, two[1, 2] were not based in exclusive hospital settings - combining inpatients, and outpatients costs. The third item[3] was a conference presentation which has not yet been developed into a full peer reviewed publication. None of the articles were about ‘nurse led’ or other ‘hospital staff’ led interventions. Hence, the articles were considered as too different from this paper to be significantly informative to discussion. 1. Health Quality Ontario: Intermittent Catheters for Chronic Urinary Retention: A Health Technology Assessment. Ontario Health Technology Assessment Series 2019, 19(1):1-153. 2. Rognoni C, Tarricone R: Healthcare resource consumption for intermittent urinary catheterisation: cost-effectiveness of hydrophilic catheters and budget impact analyses. BMJ Open 2017, 7(1):e012360. 3. Kelly TJ, Skelton S, Dawson D: Pmd34 - Budget Impact Analysis (Bia) Of Employing A Female External Catheter (Fec) to Assist with Urine Output Management (Uom) in The Hospital Setting. In: ISPOR Europe 2018: New Perspectives for Improving 21st Century Health Systems. vol. 21: Value in Health; 2018.
